Workbook
Name _________aiu2: [1]AIU!$J$105
Name ________aiu2: [1]AIU!$J$105
Name _______aiu2: [1]AIU!$J$105
Name ______aiu2: [1]AIU!$J$105
Name _____aiu2: [2]AIU!$J$105
Name _____Vol1: [3]Item!$A$1:$D$65536
Name ____aiu2: [2]AIU!$J$105
Name ____EST1: #REF!
Name ____EST10: #REF!
Name ____EST11: #REF!
Name ____EST12: #REF!
Name ____EST13: #REF!
Name ____EST14: #REF!
Name ____EST15: #REF!
Name ____EST16: #REF!
Name ____EST17: #REF!
Name ____EST18: #REF!
Name ____EST19: #REF!
Name ____EST2: #REF!
Name ____EST20: #REF!
Name ____EST21: #REF!
Name ____EST3: #REF!
Name ____EST4: #REF!
Name ____EST5: #REF!
Name ____EST6: #REF!
Name ____EST7: #REF!
Name ____EST8: #REF!
Name ____EST9: #REF!
Name ____EXC1: #REF!
Name ____EXC10: #REF!
Name ____EXC11: #REF!
Name ____EXC12: #REF!
Name ____EXC2: #REF!
Name ____EXC3: #REF!
Name ____EXC4: #REF!
Name ____EXC5: #REF!
Name ____EXC8: #REF!
Name ____EXC9: #REF!
Name ____Vol1: [3]Item!$A$1:$D$65536
Name ___aiu2: [2]AIU!$J$105
Name ___EST1: #REF!
Name ___EST10: #REF!
Name ___EST11: #REF!
Name ___EST12: #REF!
Name ___EST13: #REF!
Name ___EST14: #REF!
Name ___EST15: #REF!
Name ___EST16: #REF!
Name ___EST17: #REF!
Name ___EST18: #REF!
Name ___EST19: #REF!
Name ___EST2: #REF!
Name ___EST3: #REF!
Name ___EST4: #REF!
Name ___EST5: #REF!
Name ___EST6: #REF!
Name ___EST7: #REF!
Name ___EST8: #REF!
Name ___EST89898: #REF!
Name ___EST9: #REF!

Sheet EJERCICIO INICIAL
B1: CONDICIONES CONTRACTUALES / ACTUALIZADAS | G1: ACUMULADO
B2: ITEMS CONTRACTUALES | E2: UNIDAD | F2: PRECIO UNITARIO | G2: CANTIDAD | H2: VALOR
B4: Item de la oferta | C4: Codigo IDU | D4: DESCRIPCION | E4: UNIDAD | F4: VALOR | G4: CANTIDAD3 | H4: VALOR
B5: 1 | D5: Actividades de Obra
B6: 1 | C6: 3007 | D6: REPLANTEO GENERAL | E6: m2 | F6: 619 | G6: 4666.6 | H6: =F6*G6 -> 2888625.4
B7: 2 | C7: 3464 | D7: EXCAVACION MANUAL EN MATERIAL COMUN. Incluye cargue. | E7: m3 | F7: 29765 | G7: 304.71 | H7: =F7*G7 -> 9069693.2
B8: 3 | C8: 3710 | D8: EXCAVACIÓN MECÁNICA EN MATERIAL COMÚN (Incluye Cargue) | E8: m3 | F8: 4630 | G8: 1211.61 | H8: =F8*G8 -> 5609754.3
B9: 4 | C9: 3010 | D9: DEMOLICION PAVIMENTO ASFALTICO (Incluye Cargue). No incluye transporte y disposición final de sobrantes. | E9: m3 | F9: 32202 | G9: 269.12 | H9: =F9*G9 -> 8666202.2
B10: 5 | C10: 3022 | D10: DEMOLICIÓN PISOS DE CONCRETO (incluye cargue). No incluye transporte y disposición final de sobrantes. | E10: m3 | F10: 49440 | G10: 0 | H10: =F10*G10 -> 0
B11: 6 | C11: 3486 | D11: DEMOLICIÓN CONCRETO ESTRUCTURAL (Incluye Cargue manual). No incluye transporte y disposición final de sobrantes. | E11: m3 | F11: 168030 | G11: 60.02 | H11: =F11*G11 -> 10085161
B12: 7 | C12: 4848 | D12: DEMOLICION DE TUBERIAS DE ACUEDUCTO Y ALCANTARILLADO Ø < 36" (INCLUYE MARTILLO NEUMÁTICO DE 60 LB Y CARGUE). | E12: m | F12: 8130 | G12: 224.3 | H12: =F12*G12 -> 1823559
B13: 8 | C13: 4849 | D13: DEMOLICION O RETIRO MANUAL DE TUBERIAS DE AC Ø < 12" (INCLUYE CARGUE). | E13: m | F13: 2115 | G13: 0 | H13: =F13*G13 -> 0
B14: 9 | C14: 4850 | D14: DEMOLICION DE POZOS, CAJAS Y CAMARAS DE EMPRESAS DE SERVICIOS PÚBLICOS (INCLUYE MARTILLO NEUMÁTICO DE 60 LB, COMPRESOR Y CARGUE). | E14: m3 | F14: 240833 | G14: 1.14 | H14: =F14*G14 -> 274549.62
B15: 10 | C15: 3017 | D15: TRANSPORTE Y DISPOSICIÓN FINAL DE ESCOMBROS EN SITIO AUTORIZADO (distancia de transporte 21 Km). A distancia mayor del acarreo libre (90 m) en sitio autorizado por la entidad Ambiental competente. | E15: m3 | F15: 32149 | G15: 2579.0156 | H15: =F15*G15 -> 82912774
B16: 11 | C16: 4613 | D16: TRANSPORTE Y DISPOSICION FINAL DE ESCOMBROS EN SITIO AUTORIZADO (distancia de transporte 28 Km) | E16: m3 | F16: 41623 | G16: 0 | H16: =F16*G16 -> 0
B17: 12 | C17: 5380 | D17: TRANSPORTE DE MATERIAL PROVENIENTE DE SITIO DE OBRA AL SITIO DISPUESTO PARA MEZCLAS, ESTABILIZAR O DEJAR EN PATIOS DE ACOPIO DEL IDU, EN DISTANCIA HASTA 21 Km. | E17: m3 | F17: 33122 | G17: 0 | H17: =F17*G17 -> 0
... B146: 141 | C146: 7873 | D146: Tratamiento y disposición final de residuos peligrosos. | E146: kg | F146: 882 | G146: 0 | H146: =F146*G146 -> 0
B147: 142 | D147: Equipo Vactor – Sondeo – Limpieza- Recolección de Lodos no peligrosos | E147: hr | F147: 294544 | G147: 10.5 | H147: =F147*G147 -> 3092712
B148: 143 | D148: Servicio de carrotanque con capacidad de 20.000 litros (Incluye agua y servicio de descargue de la misma) | E148: Viaje | F148: 518250 | G148: 3 | H148: =F148*G148 -> 1554750
B149: 144 | C149: 11966 | D149: MEZCLA ASFÁLTICA EN CALIENTE DENSA MD19 con Cemento Asfáltico (Suministro, Extendido, Nivelación y Compactación mecánica con vibrocompactador y compactador de llantas) | E149: m3 | F149: 667704 | G149: 0 | H149: =F149*G149 -> 0
B150: 145 | C150: 11967 | D150: MEZCLA ASFÁLTICA EN CALIENTE DENSA MD25 CON CEMENTO ASFÁLTICO (Suministro, Extendido, Nivelación y Compactación mecanica con vibrocompactador y compactador de llantas) | E150: m3 | F150: 664491 | G150: 0 | H150: =F150*G150 -> 0
B151: 146 | C151: 4504 | D151: Construcción de pavimento rígido: losas en concreto hidráulico mr45 e=0.18m | E151: m2 | F151: 247199 | G151: 0 | H151: =F151*G151 -> 0
B152: 147 | C152: 4512 | D152: Construcción de pavimento rígido: losas en concreto hidráulico mr41 e=0.18m | E152: m2 | F152: 246929 | G152: 0 | H152: =F152*G152 -> 0
B153: 148 | C153: 4667 | D153: Construcción de pavimento rígido: losas en concreto hidráulico mr45 e=0.20m (no incluye sardinel) | E153: m2 | F153: 259340 | G153: 0 | H153: =F153*G153 -> 0
B154: 2 | D154: ACTIVIDADES DE GESTION AMBIENTAL | F154: 0 | G154: 0 | H154: =F154*G154 -> 0
B155: 2001 | C155: 4936 | D155: ACCESO TEMPORAL A VIVIENDA EN MADERA. SUMINISTRO Y CONSTRUCCIÓN. | E155: Un | F155: 25594 | G155: 7 | H155: =F155*G155 -> 179158
B156: 2002 | C156: 7819 | D156: PROTECCIÓN A SUMIDEROS CON POLISOMBRA 47% (Incluye suministro y colocación de polisombra 47% asegurado con puntilla grapa). | E156: Un/Mes | F156: 3225 | G156: 36.5 | H156: =F156*G156 -> 117712.5
B157: 2003 | C157: 7820 | D157: PROTECCIÓN A ÁRBOLES (INCLUYE SUMINISTRO Y COLOCACIÓN DE DURMIENTES DE 2.90m x 0.04m x 0.04m Y POLISOMBRA AL 47% DE TAL MANERA QUE GARANTICE la protección al individuo vegetal. | E157: Un | F157: 18965 | G157: 10 | H157: =F157*G157 -> 189650
B158: 2004 | C158: 8000 | D158: PROTECCIÓN A ALCANTARILLAS CON POLISOMBRA 47%. (Incluye suministro y colocación de polisombra 47%) | E158: Un/Mes | F158: 3225 | G158: 0 | H158: =F158*G158 -> 0
B159: 3 | D159: ACTIVIDADES DE GESTION SOCIAL | F159: 0 | G159: 0 | H159: =F159*G159 -> 0
B160: 3001 | C160: 6061 | D160: PASACALLES IMPRESO EN LONA BANNER (7.0m x 1.0m) TERMINADO CON PALOS EN LOS EXTREMOS. INCLUYE SUMINISTRO E INSTALACION. | E160: Un | F160: 283021 | G160: 0 | H160: =F160*G160 -> 0
B161: 3002 | C161: 4933 | D161: AVISO PUNTO CREA 1.50m x 0.90m (MATERIAL DE IMPRESIÓN VINILO PARA EXTERIORES. INCLUYE SUMINISTRO E INSTALACIÓN). | E161: Un | F161: 389004 | G161: 1 | H161: =F161*G161 -> 389004
B162: 3003 | C162: 6085 | D162: LEVANTAMIENTO DE ACTA DE VECINDAD COMPLETA. (Incluye personal, logistica, elaboracion de formato, papeleria, fotografia y video). | E162: Un | F162: 28147 | G162: 130 | H162: =F162*G162 -> 3659110
B163: 4 | D163: ACTIVIDADES DE PMT | F163: 0 | G163: 0 | H163: =F163*G163 -> 0
B164: 4001 | C164: 4945 | D164: ALQUILER DE CERRAMIENTO TIPO 1: CONSTA DE SEÑALIZADORES TUBULARES PLÁSTICOS, TRIPLE CINTA PELIGRO CAL. 4, POLISOMBRA 65% PARA CERRAMIENTO. (INCLUYE INSTALACIÓN, MANTENIMIENTO Y DESINSTALACIÓN). | E164: m/Mes | F164: 6064 | G164: 0 | H164: =F164*G164 -> 0
B165: 4002 | C165: 4946 | D165: ALQUILER DE CERRAMIENTO TIPO 2: CONSTA DE POSTES ROLLIZOS DE 1.90mt DE ALTURA LIBRE CON BASE EN CONCRETO 1500 PSI DE 30cm x 30cm, DOBLE CINTA PELIGRO CAL. 4, TELA PARA CERRAMIENTO.(INCL INSTALACION, MANTENIMIENTO Y DESINSTALACIÓN). | E165: m/Mes | F165: 16456 | G165: 1289.33 | H165: =F165*G165 -> 21217214
B166: 4003 | C166: 5166 | D166: ALQUILER DE CERRAMIENTO TIPO 3, CONSTA DE SEÑALIZADORES TUBULARES PLASTICOS SEPARADOS ENTRE SI MAXIMO 3MTS TRIPLE CINTA PELIGRO CAL 4 (Incluye instalación, mantenimeinto y desinstalación). | E166: m/Mes | F166: 3460 | G166: 185.62667 | H166: =F166*G166 -> 642268.27
B167: 4004 | C167: 6190 | D167: CANALIZACIÓN DE TRÁFICO (INSTALACIÓN, MANTENIMIENTO Y DESINSTALACIÓN DIARIO) CON SEÑALIZADORES TUBULARES COLOMBINA PLÁSTICA Y TRIPLE CINTA DE SEÑALIZACIÓN (INCLUYE ALQUILER DE SEÑALIZADORES TUBULARES). LONGITUD 50 METROS. | E167: Un/Día | F167: 403 | G167: 0 | H167: =F167*G167 -> 0
B168: 4005 | C168: 7380 | D168: TOMA DE INFORMACION DE TRANSITO DURANTE LA OBRA (Incluye procesamiento y logistica) | E168: hr | F168: 12054 | G168: 0 | H168: =F168*G168 -> 0
B169: NP | D169: NO PREVISTOS | F169: 0 | G169: 0 | H169: =F169*G169 -> 0
B170: NP 1 | C170: 4982 | D170: Acometida domiciliaria de 1/2". Suministro e instalackion (Incluye tuberia PF d=1/2", registros y accesorios, long aprox. = 6.50 M) | E170: Un | F170: 155762 | G170: 1 | H170: =F170*G170 -> 155762
B171: NP 2 | C171: 7900 | D171: Geocelda HDPE perforada, altura 15 cm (Suministro e instalacion) | E171: m2 | F171: 68946 | G171: 1086.55 | H171: =F171*G171 -> 74913276
B172: NP-3 | D172: Base Granular Tipo A (BG A) estabilizada con cemento asfaltico convencional TIPO MGEA (Suministro, Extendido, Nivelación y Compactación con vibrocompactador) | E172: m3 | F172: 783482 | G172: 36.03 | H172: =F172*G172 -> 28228856
B173: NP-4 | C173: 7972 | D173: Instalacion de material de fresado (Extendido y compactacion con vibrocompactador) | E173: m3 | F173: 18740 | G173: 0 | H173: =F173*G173 -> 0
B174: NP-5 | D174: PARCHEO EN PAVIMENTO FLEXIBLE PARA MANTENIMIENTO. (INCLUYE CORTE, DEMOLICIÓN MECANICA, CARGUE, TRANSPORTE Y DISPOSICIÓN FINAL DE ESCOMBROS, IMPRIMACIÓN, SUMINISTRO, EXTENDIDO Y COMPACTACIÓN MECANICA DE MEZCLA ASFÁLTICA MD 12, TRANSPORTE DE PERSONAL Y EQUIPOS) | E174: m3 | F174: 1126993 | G174: 256 | H174: =F174*G174 -> 288510208
B175: NP-6 | C175: 3800 | D175: Nivelacion y compactacion de subrasante | E175: m2 | F175: 1303 | G175: 3032.19 | H175: =F175*G175 -> 3950943.6
B176: NP-7 | D176: TUBERIA PVC U.M. EXT CORRUGADO/INT LISO U.M. NORMA NTC 3722-1 D=20" (INCLUYE SUMINISTRO E INSTALACIÓN) | E176: ml | F176: 340241 | G176: 49.89 | H176: =F176*G176 -> 16974623
B177: NP-8 | D177: TUBERIA PVC U.M. EXT CORRUGADO/INT LISO U.M. NORMA NTC 3722-1 D=6" (INCLUYE SUMINISTRO E INSTALACIÓN) | E177: ml | F177: 51914 | G177: 89.5 | H177: =F177*G177 -> 4646303
B178: NP-9 | D178: ENTIBADO TIPO ED1, DISCONTINUO EN MADERA (INCLUYE SUMINISTRO E INSTALACIÓN) | E178: m2 | F178: 37044 | G178: 689.5358 | H178: =F178*G178 -> 25543164
B179: NP-10 | D179: PLACA FONDO D=1.70M POZO INSPEC. (FUNDIDA EN SITIO. INCL. SUMIN, FORMALET, REF, INST. ) | E179: Un | F179: 598684 | G179: 2 | H179: =F179*G179 -> 1197368
B180: NP-11 | D180: CODO 45° CXE PVC SANITARIA D=6" (INCLUYE SUMINISTRO E INSTALACIÓN). | E180: Un | F180: 61165 | G180: 0 | H180: =F180*G180 -> 0
B181: NP-12 | D181: CAJA DE INSPECCIÓN DE 0.6x0.6m hasta una altura menor o gual a 1.00 m(Incluye Suministro y Construcción. Inc. Base y Cañuela, marco y tapa) | E181: Un | F181: 568639 | G181: 0 | H181: =F181*G181 -> 0
B182: NP-13 | D182: CONEXIONES KIT SILLA YEE 315 x 160 PVC. SUMINISTRO E INSTALACION | E182: Un | F182: 209978 | G182: 2 | H182: =F182*G182 -> 419956
B183: NP-14 | D183: CONSTRUCCIÓN DE SUMIDEROS A.LL. CONVENCIONAL. INCLUYE MARCO Y TAPA EN CONCRETO, MATERIALES Y MANO DE OBRA. | E183: Un | F183: 714962 | G183: 1 | H183: =F183*G183 -> 714962
B184: NP-15 | D184: CAJA DE INSPECCIÓN DE 0.6x0.6m de altura mayor a 1.00 m y menor de 2.00 m (Incluye Suministro y Construcción. Inc. Base y Cañuela, marco y tapa) | E184: UN | F184: 785256 | G184: 7 | H184: =F184*G184 -> 5496792
B185: NP-16 | C185: 8622 | D185: GETOTEXTIL T. RESIST. ULTIMA (TIRA ANCHA)= KNm PARA SEPARACION DE SUBRASANTE/CAPAS GRANULARES (INCLUYE SUMINISTRO Y INSTALACION) | E185: m2 | F185: 9326 | G185: 1335.17 | H185: =F185*G185 -> 12451795
B186: NP-17 | C186: 4748 | D186: SUBBASE GRANULAR CLASE C (SBG-C) CON RECICADO DE CONCRETO (SUMINISTRO, EXTENDIDO, NIVELACION, HUMEDICIEMTO Y COMPACTACION CON VIBROCOMPACTADOR) | E186: m3 | F186: 135326 | G186: 229.54 | H186: =F186*G186 -> 31062730
B187: NP-18 | C187: 3052 | D187: RELLENO PARA REDES EN SUBBASE GRANULR B-200 (SUMINISTRO, EXTENDIDO, HUMEDECIMIENTO Y COMPACTACION) | E187: m3 | F187: 85181 | G187: 327.9192 | H187: =F187*G187 -> 27932485
G188: 0 | H188: =F188*G188 -> 0
G189: 0 | H189: =F189*G189 -> 0
D190: COSTO DIRECTO DE OBRA | G190: 0 | H190: =SUM(H6:H189) -> 7.7675685e+08
G191: 0
D192: ADMINISTRACION | E192: 0.2407 | G192: 0 | H192: =E192*H190 -> 1.8696537e+08
D193: IMPREVISTOS | E193: 0.01 | H193: =E193*H190 -> 7767568.5
D194: UTILIDAD | E194: 0.04 | H194: =E194*H190 -> 31070274
G195: 0
D196: VALOR TOTAL | G196: 0 | H196: =SUM(H192:H194) -> 2.2580322e+08
D199: 1. DIAGNOSTICO (INCLUYEN ELEMENTOS SST Y COSTOS INDIRECTOS e IVA) | H199: 103901356
D200: 2. GESTIÓN AMBIENTAL SG-SST (INCLUYE COSTOS INDIRECTOS) | H200: 103901356
D201: 3. GESTIÓN SOCIAL (INCLUYE COSTOS INDIRECTOS) | H201: 103901356
D202: 4. MANEJO DE TRANSITO, SEÑALIZACIÓN Y DESVÍOS (INCLUYE COSTOS INDIRECTOS) | H202: 103901356
D204: VALOR TOTAL OBRA + DIAGNOSTICOS + COMPONENTES
D205: PROVISION PARA OTRAS ACCIONES DE MOVILIDAD
D207: COSTO TOTAL DEL CONTRATO
D209: ADICION 01
D210: COSTO DIRECTO DE OBRA | H210: =H190+H196+H199+H200+H201+H202 -> 1.4181655e+09
D212: ADMINISTRACION | E212: 0.245 | H212: =$H$210*$E$212 -> 3.4745054e+08
D213: IMPREVISTOS | E213: 0.01 | H213: =$H$210*$E$212 -> 3.4745054e+08
D214: UTILIDAD | E214: 0.04 | H214: =$H$210*$E$212 -> 3.4745054e+08
D216: VALOR TOTAL | H216: =H210+H212+H213+H214 -> 2.4605171e+09
H219: 6777150000

Sheet Hoja1
A2: Origen | B2: Capítulo | C2: Subcapítulo | D2: Código | E2: Valor | F2: Fecha de actualización
A3: Antiguo | B3: EXCAVACIONES | C3: EXC. CONFORMACIÓN DE SUBRASANTE | D3: 3007 | E3: 909 | F3: Actualización 2024-I Fase II + MO 2025 | I3: 3007 | J3: =VLOOKUP(I3,$D$3:$E$3191,2,FALSE) -> 909 | M3: 322 | N3: 536920
A4: Antiguo | B4: EXCAVACIONES | C4: EXC. ESTRUCTURAS Y REDES | D4: 3009 | E4: 46379 | F4: Actualización 2024-I Fase II + MO 2025 | I4: 3464 | J4: =VLOOKUP(I4,$D$3:$E$3191,2,FALSE) -> 46379 | M4: 323 | N4: 575187
A5: Antiguo | B5: DEMOLICIONES | C5: DEMOLICIONES | D5: 3010 | E5: 38781 | F5: Actualización 2024-I Fase II + MO 2025 | I5: 3710 | J5: =VLOOKUP(I5,$D$3:$E$3191,2,FALSE) -> 5741 | M5: 324 | N5: 573851
A6: Antiguo | B6: DEMOLICIONES | C6: DEMOLICIONES | D6: 3011 | E6: 6417 | F6: Actualización 2024-I Fase II + MO 2025 | I6: 3010 | J6: =VLOOKUP(I6,$D$3:$E$3191,2,FALSE) -> 38781 | M6: 325 | N6: 589499
A7: Antiguo | B7: DEMOLICIONES | C7: DEMOLICIONES | D7: 3012 | E7: 8262 | F7: Actualización 2024-I Fase II + MO 2025 | I7: 3022 | J7: =VLOOKUP(I7,$D$3:$E$3191,2,FALSE) -> 58281 | M7: 326 | N7: 610583
A8: Antiguo | B8: REDES ELECTRICAS | C8: RED ELECTRICA CODENSA | D8: 3015 | E8: 251585 | F8: Actualización 2025-I Fase I | I8: 3486 | J8: =VLOOKUP(I8,$D$3:$E$3191,2,FALSE) -> 187178 | M8: 328 | N8: 637049
A9: Antiguo | B9: TRANSPORTES Y ACARREOS | C9: TRANSPORTES Y ACARREOS | D9: 3017 | E9: 45600 | F9: Actualización 2025-I Fase I | I9: 4848 | J9: =VLOOKUP(I9,$D$3:$E$3191,2,FALSE) -> 10836 | M9: 333 | N9: 586995
A10: Antiguo | B10: RELLENOS Y CAPAS GRANULARES | C10: RELLENOS EN TIERRA | D10: 3018 | E10: 98470 | F10: Actualización 2024-I Fase II + MO 2025 | I10: 4849 | J10: =VLOOKUP(I10,$D$3:$E$3191,2,FALSE) -> 3383 | M10: 366 | N10: 623456
A11: Antiguo | B11: DEMOLICIONES | C11: DEMOLICIONES | D11: 3021 | E11: 7446 | F11: Actualización 2024-I Fase II + MO 2025 | I11: 4850 | J11: =VLOOKUP(I11,$D$3:$E$3191,2,FALSE) -> 304921 | M11: 1505 | N11: 189970
A12: Antiguo | B12: DEMOLICIONES | C12: DEMOLICIONES | D12: 3022 | E12: 58281 | F12: Actualización 2024-I Fase II + MO 2025 | I12: 3017 | J12: =VLOOKUP(I12,$D$3:$E$3191,2,FALSE) -> 45600 | M12: 1512 | N12: 17850
A13: Antiguo | B13: RELLENOS Y CAPAS GRANULARES | C13: RELLENOS PARA ANDENES Y REDES | D13: 3024 | E13: 155503 | F13: Actualización 2025-I Fase I | I13: 4613 | J13: =VLOOKUP(I13,$D$3:$E$3191,2,FALSE) -> 58200 | M13: 1515 | N13: 1131
A14: Antiguo | B14: ANDENES Y SARDINELES | C14: SARDINELES Y BORDILLOS | D14: 3027 | E14: 80323 | F14: Actualización 2025-I Fase I | I14: 5380 | J14: =VLOOKUP(I14,$D$3:$E$3191,2,FALSE) -> 44369 | M14: 1794 | N14: 5501
... A162: Antiguo | B162: REDES ELECTRICAS | C162: RED ELÉCTRICA CODENSA | D162: 3348 | E162: 1040891 | F162: Actualización 2025-I Fase I | I162: 4879 | J162: =VLOOKUP(I162,$D$3:$E$3191,2,FALSE) -> 374504 | M162: 6240 | N162: 461867
A163: Antiguo | B163: REDES ELECTRICAS | C163: RED ELÉCTRICA CODENSA | D163: 3350 | E163: 1175826 | F163: Actualización 2025-I Fase I | I163: NP-14 | J163: =VLOOKUP(I163,$D$3:$E$3191,2,FALSE) -> #N/A | M163: 6241 | N163: 543816
A164: Antiguo | B164: REDES ELECTRICAS | C164: RED ELÉCTRICA CODENSA | D164: 3351 | E164: 1447034 | F164: Actualización 2025-I Fase I | I164: 4108 | J164: =VLOOKUP(I164,$D$3:$E$3191,2,FALSE) -> 1636652 | M164: 6242 | N164: 655823
A165: Antiguo | B165: REDES ELECTRICAS | C165: RED ELÉCTRICA CODENSA | D165: 3352 | E165: 1649530 | F165: Actualización 2025-I Fase I | I165: 8622 | J165: =VLOOKUP(I165,$D$3:$E$3191,2,FALSE) -> 15087 | M165: 6243 | N165: 974974
A166: Antiguo | B166: REDES ELECTRICAS | C166: RED ELÉCTRICA CODENSA | D166: 3353 | E166: 1493651 | F166: Actualización 2025-I Fase I | I166: 4748 | J166: =VLOOKUP(I166,$D$3:$E$3191,2,FALSE) -> 155755 | M166: 6257 | N166: 19650
A167: Antiguo | B167: REDES ELECTRICAS | C167: RED ELÉCTRICA CODENSA | D167: 3354 | E167: 2223162 | F167: Actualización 2025-I Fase I | I167: 3052 | J167: =VLOOKUP(I167,$D$3:$E$3191,2,FALSE) -> 111213 | M167: 6258 | N167: 29250
A168: Antiguo | B168: REDES ELECTRICAS | C168: RED ELÉCTRICA CODENSA | D168: 3355 | E168: 2308383 | F168: Actualización 2025-I Fase I | M168: 6259 | N168: 51431
A169: Antiguo | B169: REDES ELECTRICAS | C169: RED ELÉCTRICA CODENSA | D169: 3356 | E169: 2702056 | F169: Actualización 2025-I Fase I | M169: 6260 | N169: 64984
A170: Antiguo | B170: REDES ELECTRICAS | C170: RED ELÉCTRICA CODENSA | D170: 3357 | E170: 3302506 | F170: Actualización 2025-I Fase I | I170: 9110 | J170: =VLOOKUP(I170,$M$3:$N$2766,2,FALSE) -> 9060000 | M170: 6261 | N170: 133504 | P170: 6084 | Q170: =VLOOKUP(P170,$D$3:$E$3191,2,FALSE) -> 807
A171: Antiguo | B171: REDES ELECTRICAS | C171: RED ELÉCTRICA CODENSA | D171: 3358 | E171: 1984372 | F171: Actualización 2025-I Fase I | I171: 9112 | J171: =VLOOKUP(I171,$M$3:$N$2766,2,FALSE) -> 7287000 | M171: 6262 | N171: 226138 | P171: 7992 | Q171: =VLOOKUP(P171,$D$3:$E$3191,2,FALSE) -> 19683
A172: Antiguo | B172: REDES ELECTRICAS | C172: RED ELÉCTRICA CODENSA | D172: 3359 | E172: 2524257 | F172: Actualización 2025-I Fase I | I172: 9110 | J172: =VLOOKUP(I172,$M$3:$N$2766,2,FALSE) -> 9060000 | M172: 6263 | N172: 355986 | P172: 6085 | Q172: =VLOOKUP(P172,$D$3:$E$3191,2,FALSE) -> 40778
A173: Antiguo | B173: REDES ELECTRICAS | C173: RED ELÉCTRICA CODENSA | D173: 3360 | E173: 3633520 | F173: Actualización 2025-I Fase I | I173: 9110 | J173: =VLOOKUP(I173,$M$3:$N$2766,2,FALSE) -> 9060000 | M173: 6264 | N173: 498094
A174: Antiguo | B174: REDES ELECTRICAS | C174: RED ELÉCTRICA CODENSA | D174: 3361 | E174: 3978217 | F174: Actualización 2025-I Fase I | I174: 9112 | J174: =VLOOKUP(I174,$M$3:$N$2766,2,FALSE) -> 7287000 | M174: 6265 | N174: 16305
A175: Antiguo | B175: REDES ELECTRICAS | C175: RED ELÉCTRICA CODENSA | D175: 3363 | E175: 4639142 | F175: Actualización 2025-I Fase I | I175: 9113 | J175: =VLOOKUP(I175,$M$3:$N$2766,2,FALSE) -> 5510000 | M175: 6266 | N175: 42650
A176: Antiguo | B176: REDES ELECTRICAS | C176: RED ELÉCTRICA CODENSA | D176: 3364 | E176: 984236 | F176: Actualización 2025-I Fase I | I176: 9113 | J176: =VLOOKUP(I176,$M$3:$N$2766,2,FALSE) -> 5510000 | M176: 6267 | N176: 24300
A177: Antiguo | B177: REDES ELECTRICAS | C177: RED ELÉCTRICA CODENSA | D177: 3365 | E177: 1168085 | F177: Actualización 2025-I Fase I | I177: 9113 | J177: =VLOOKUP(I177,$M$3:$N$2766,2,FALSE) -> 5510000 | M177: 6268 | N177: 54714
A178: Antiguo | B178: REDES ELECTRICAS | C178: RED ELÉCTRICA CODENSA | D178: 3366 | E178: 1472246 | F178: Actualización 2025-I Fase I | I178: 9093 | J178: =VLOOKUP(I178,$M$3:$N$2766,2,FALSE) -> 2586000 | M178: 6269 | N178: 109342
A179: Antiguo | B179: REDES ELECTRICAS | C179: RED ELÉCTRICA CODENSA | D179: 3368 | E179: 1174169 | F179: Actualización 2025-I Fase I | I179: 9088 | J179: =VLOOKUP(I179,$M$3:$N$2766,2,FALSE) -> 3555000 | M179: 6270 | N179: 186019
A180: Antiguo | B180: REDES ELECTRICAS | C180: RED ELÉCTRICA CODENSA | D180: 3369 | E180: 1348264 | F180: Actualización 2025-I Fase I | I180: 9090 | J180: =VLOOKUP(I180,$M$3:$N$2766,2,FALSE) -> 2204000 | M180: 6271 | N180: 289540
A181: Antiguo | B181: REDES ELECTRICAS | C181: RED ELÉCTRICA CODENSA | D181: 3370 | E181: 1750650 | F181: Actualización 2025-I Fase I | I181: 9089 | J181: =VLOOKUP(I181,$M$3:$N$2766,2,FALSE) -> 3149000 | M181: 6272 | N181: 426706
A182: Antiguo | B182: REDES ELECTRICAS | C182: RED ELÉCTRICA CODENSA | D182: 3371 | E182: 1361799 | F182: Actualización 2025-I Fase I | I182: 9100 | J182: =VLOOKUP(I182,$M$3:$N$2766,2,FALSE) -> 1597000 | M182: 6273 | N182: 34368
A183: Antiguo | B183: REDES ELECTRICAS | C183: RED ELÉCTRICA CODENSA | D183: 3372 | E183: 1661646 | F183: Actualización 2025-I Fase I | I183: 9103 | J183: =VLOOKUP(I183,$M$3:$N$2766,2,FALSE) -> 2361000 | M183: 6274 | N183: 43680
A184: Antiguo | B184: REDES ELECTRICAS | C184: RED ELÉCTRICA CODENSA | D184: 3373 | E184: 2544012 | F184: Actualización 2025-I Fase I | I184: 9105 | J184: =VLOOKUP(I184,$M$3:$N$2766,2,FALSE) -> 1597000 | M184: 6275 | N184: 89215
A185: Antiguo | B185: REDES ELECTRICAS | C185: RED ELÉCTRICA CODENSA | D185: 3374 | E185: 2220323 | F185: Actualización 2025-I Fase I | M185: 6276 | N185: 151802
A186: Antiguo | B186: REDES ELECTRICAS | C186: RED ELÉCTRICA CODENSA | D186: 3375 | E186: 2630026 | F186: Actualización 2025-I Fase I | M186: 6277 | N186: 237290
A187: Antiguo | B187: REDES ELECTRICAS | C187: RED ELÉCTRICA CODENSA | D187: 3376 | E187: 3021190 | F187: Actualización 2025-I Fase I | M187: 6278 | N187: 349472
A188: Antiguo | B188: EXCAVACIONES | C188: EXC. CONFORMACIÓN DE SUBRASANTE | D188: 3378 | E188: 4047 | F188: Actualización 2024-I Fase II + MO 2025 | I188: 5167 | J188: =VLOOKUP(I188,$M$3:$N$2766,2,FALSE) -> #N/A | M188: 6279 | N188: 33921 | P188: 5167 | Q188: =VLOOKUP(P188,$D$3:$E$3191,2,FALSE) -> 2497477
A189: Antiguo | B189: REDES ELECTRICAS | C189: RED ELÉCTRICA CODENSA | D189: 3379 | E189: 259112 | F189: Actualización 2025-I Fase I | I189: 7820 | J189: =VLOOKUP(I189,$M$3:$N$2766,2,FALSE) -> #N/A | M189: 6280 | N189: 71911 | P189: 7820 | Q189: =VLOOKUP(P189,$D$3:$E$3191,2,FALSE) -> 30342
A190: Antiguo | B190: REDES ELECTRICAS | C190: RED ELÉCTRICA CODENSA | D190: 3380 | E190: 121479 | F190: Actualización 2025-I Fase I | I190: 9280 | J190: =VLOOKUP(I190,$M$3:$N$2766,2,FALSE) -> 13029 | M190: 6281 | N190: 121461 | P190: 4945 | Q190: =VLOOKUP(P190,$D$3:$E$3191,2,FALSE) -> 12022
A191: Antiguo | B191: REDES ELECTRICAS | C191: RED ELÉCTRICA CODENSA | D191: 3382 | E191: 28757 | F191: Actualización 2025-I Fase I | I191: 9290 | J191: =VLOOKUP(I191,$M$3:$N$2766,2,FALSE) -> 137784 | M191: 6282 | N191: 189934 | P191: 4946 | Q191: =VLOOKUP(P191,$D$3:$E$3191,2,FALSE) -> 32138
A192: Antiguo | B192: REDES TELEFONICAS / DATOS | C192: RED TELEFONICA ETB | D192: 3385 | E192: 180239 | F192: Actualización 2025-I Fase I | I192: 4945 | J192: =VLOOKUP(I192,$M$3:$N$2766,2,FALSE) -> #N/A | M192: 6283 | N192: 264191 | P192: 5166 | Q192: =VLOOKUP(P192,$D$3:$E$3191,2,FALSE) -> 6265
A193: Antiguo | B193: REDES ELECTRICAS | C193: RED ELÉCTRICA CODENSA | D193: 3388 | E193: 578052 | F193: Actualización 2025-I Fase I | I193: 4946 | J193: =VLOOKUP(I193,$M$3:$N$2766,2,FALSE) -> #N/A | M193: 6285 | N193: 520646 | P193: 5366 | Q193: =VLOOKUP(P193,$D$3:$E$3191,2,FALSE) -> #N/A
A194: Antiguo | B194: REDES ACUEDUCTO | C194: REDES ACUEDUCTO | D194: 3391 | E194: 254971 | F194: Actualización 2025-I Fase I | I194: 5166 | J194: =VLOOKUP(I194,$M$3:$N$2766,2,FALSE) -> #N/A | M194: 6295 | N194: 558110 | P194: 5169 | Q194: =VLOOKUP(P194,$D$3:$E$3191,2,FALSE) -> 188296
A195: Antiguo | B195: REDES ACUEDUCTO | C195: REDES ACUEDUCTO | D195: 3393 | E195: 1561081 | F195: Actualización 2025-I Fase I | I195: 5366 | J195: =VLOOKUP(I195,$M$3:$N$2766,2,FALSE) -> #N/A | M195: 6296 | N195: 716380 | P195: 5170 | Q195: =VLOOKUP(P195,$D$3:$E$3191,2,FALSE) -> 391688
A196: Antiguo | B196: PAVIMENTOS | C196: PAVIMENTOS EN CONCRETO HIDRAULICO | D196: 3394 | E196: 875661 | F196: Actualización 2025-I Fase I | I196: 7556 | J196: =VLOOKUP(I196,$M$3:$N$2766,2,FALSE) -> 1671 | M196: 6297 | N196: 962710 | P196: 4934 | Q196: =VLOOKUP(P196,$D$3:$E$3191,2,FALSE) -> 163756
A197: Antiguo | B197: MOBILIARIO URBANO - ARBOLES Y GRAMAS | C197: MOBILIARIO URBANO | D197: 3396 | E197: 715015 | F197: Actualización 2025-I Fase I | I197: 7558 | J197: =VLOOKUP(I197,$M$3:$N$2766,2,FALSE) -> 622965 | M197: 6298 | N197: 572250
A198: Antiguo | B198: MOBILIARIO URBANO - ARBOLES Y GRAMAS | C198: MOBILIARIO URBANO | D198: 3397 | E198: 447913 | F198: Actualización 2025-I Fase I | I198: 7818 | J198: =VLOOKUP(I198,$M$3:$N$2766,2,FALSE) -> 207247 | M198: 6303 | N198: 741370
A199: Antiguo | B199: MOBILIARIO URBANO - ARBOLES Y GRAMAS | C199: MOBILIARIO URBANO | D199: 3400 | E199: 251408 | F199: Actualización 2025-I Fase I | I199: 5169 | J199: =VLOOKUP(I199,$M$3:$N$2766,2,FALSE) -> #N/A | M199: 6304 | N199: 886550
A200: Antiguo | B200: MOBILIARIO URBANO - ARBOLES Y GRAMAS | C200: MOBILIARIO URBANO | D200: 3401 | E200: 500815 | F200: Actualización 2025-I Fase I | I200: 7772 | J200: =VLOOKUP(I200,$M$3:$N$2766,2,FALSE) -> 56861 | M200: 6305 | N200: 1223320
A201: Antiguo | B201: MOBILIARIO URBANO - ARBOLES Y GRAMAS | C201: MOBILIARIO URBANO | D201: 3403 | E201: 919092 | F201: Actualización 2025-I Fase I | I201: 5170 | J201: =VLOOKUP(I201,$M$3:$N$2766,2,FALSE) -> #N/A | M201: 6306 | N201: 749700
A202: Antiguo | B202: REDES ACUEDUCTO | C202: REDES ACUEDUCTO | D202: 3404 | E202: 151991 | F202: Actualización 2025-I Fase I | I202: 4934 | J202: =VLOOKUP(I202,$M$3:$N$2766,2,FALSE) -> #N/A | M202: 6307 | N202: 985320
A203: Antiguo | B203: REDES ACUEDUCTO | C203: REDES ACUEDUCTO | D203: 3405 | E203: 297224 | F203: Actualización 2025-I Fase I | I203: 9985 | J203: =VLOOKUP(I203,$M$3:$N$2766,2,FALSE) -> 68425 | M203: 6308 | N203: 1122200
A204: Antiguo | B204: REDES ELECTRICAS | C204: RED ELÉCTRICA CODENSA | D204: 3408 | E204: 386688 | F204: Actualización 2025-I Fase I | I204: 7904 | J204: =VLOOKUP(I204,$M$3:$N$2766,2,FALSE) -> 30000 | M204: 6309 | N204: 923440
A205: Antiguo | B205: REDES TELEFONICAS / DATOS | C205: RED TELEFONICA ETB | D205: 3410 | E205: 8696535 | F205: Actualización 2025-I Fase I | I205: 7906 | J205: =VLOOKUP(I205,$M$3:$N$2766,2,FALSE) -> 25000 | M205: 6310 | N205: 1188810
A206: Antiguo | B206: REDES TELEFONICAS / DATOS | C206: RED TELEFONICA ETB | D206: 3411 | E206: 9016685 | F206: Actualización 2025-I Fase I | I206: 7908 | J206: =VLOOKUP(I206,$M$3:$N$2766,2,FALSE) -> 25600 | M206: 6311 | N206: 2000000
A207: Antiguo | B207: REDES ACUEDUCTO | C207: REDES ACUEDUCTO | D207: 3412 | E207: 507224 | F207: Actualización 2025-I Fase I | I207: 7910 | J207: =VLOOKUP(I207,$M$3:$N$2766,2,FALSE) -> 30000 | M207: 6312 | N207: 1055292
A208: Antiguo | B208: REDES ACUEDUCTO | C208: REDES ACUEDUCTO | D208: 3413 | E208: 12128 | F208: Actualización 2025-I Fase I | M208: 6314 | N208: 1679150
A209: Antiguo | B209: REDES ACUEDUCTO | C209: REDES ACUEDUCTO | D209: 3414 | E209: 21134 | F209: Actualización 2025-I Fase I | M209: 6315 | N209: 1738590
A210: Antiguo | B210: REDES TELEFONICAS / DATOS | C210: RED TELEFONICA ETB | D210: 3415 | E210: 52672 | F210: Actualización 2025-I Fase I | I210: 7870 | J210: =VLOOKUP(I210,$M$3:$N$2766,2,FALSE) -> 99855 | M210: 6316 | N210: 2068220
A211: Antiguo | B211: ANDENES Y SARDINELES | C211: ANDENES EN CONCRETO | D211: 3425 | E211: 83828 | F211: Actualización 2025-I Fase I | I211: 7897 | J211: =VLOOKUP(I211,$M$3:$N$2766,2,FALSE) -> 1322 | M211: 6317 | N211: 2420460
A212: Antiguo | B212: ANDENES Y SARDINELES | C212: SARDINELES Y BORDILLOS | D212: 3426 | E212: 47880 | F212: Actualización 2025-I Fase I | I212: 6084 | J212: =VLOOKUP(I212,$M$3:$N$2766,2,FALSE) -> #N/A | M212: 6318 | N212: 1826650
A213: Antiguo | B213: SEÑALIZACIÓN | C213: SEÑALES DE TRANSITO | D213: 3429 | E213: 623078 | F213: Actualización 2025-I Fase I | I213: 7901 | J213: =VLOOKUP(I213,$M$3:$N$2766,2,FALSE) -> 84 | M213: 6319 | N213: 2140250
A214: Antiguo | B214: SEÑALIZACIÓN | C214: SEÑALES DE TRANSITO | D214: 3430 | E214: 453918 | F214: Actualización 2025-I Fase I | I214: 7900 | J214: =VLOOKUP(I214,$M$3:$N$2766,2,FALSE) -> 169 | M214: 6320 | N214: 2701776
A215: Antiguo | B215: SEÑALIZACIÓN | C215: SEÑALES DE TRANSITO | D215: 3431 | E215: 570472 | F215: Actualización 2025-I Fase I | I215: 11086 | J215: =VLOOKUP(I215,$M$3:$N$2766,2,FALSE) -> 674690 | M215: 6324 | N215: 4058495
A216: Antiguo | B216: SEÑALIZACIÓN | C216: SEÑALES DE TRANSITO | D216: 3432 | E216: 745326 | F216: Actualización 2025-I Fase I | I216: 9576 | J216: =VLOOKUP(I216,$M$3:$N$2766,2,FALSE) -> 51916 | M216: 6326 | N216: 3433864
A217: Antiguo | B217: SEÑALIZACIÓN | C217: DEMARCACION DE PAVIMENTOS | D217: 3433 | E217: 9046 | F217: Actualización 2024-I Fase II + MO 2025 | I217: 7992 | J217: =VLOOKUP(I217,$M$3:$N$2766,2,FALSE) -> #N/A | M217: 6327 | N217: 1242539
A218: Antiguo | B218: SEÑALIZACIÓN | C218: DEMARCACION DE PAVIMENTOS | D218: 3434 | E218: 77452 | F218: Actualización 2025-I Fase I | I218: 9408 | J218: =VLOOKUP(I218,$M$3:$N$2766,2,FALSE) -> 209467 | M218: 6328 | N218: 1346069
A219: Antiguo | B219: RELLENOS Y CAPAS GRANULARES | C219: RELLENOS PARA ANDENES Y REDES | D219: 3436 | E219: 122042 | F219: Actualización 2025-I Fase I | I219: 9409 | J219: =VLOOKUP(I219,$M$3:$N$2766,2,FALSE) -> 189338 | M219: 6329 | N219: 214200
A220: Antiguo | B220: CONCRETO Y ACERO PARA ESTRUCTURAS | C220: CONCRETO PARA ESTRUCTURAS | D220: 3442 | E220: 625448 | F220: Actualización 2025-I Fase I | I220: 9414 | J220: =VLOOKUP(I220,$M$3:$N$2766,2,FALSE) -> 36607 | M220: 6332 | N220: 416500
A221: Antiguo | B221: RELLENOS Y CAPAS GRANULARES | C221: CAPAS GRANULARES | D221: 3443 | E221: 95422 | F221: Actualización 2025-I Fase I | I221: 9048 | J221: =VLOOKUP(I221,$M$3:$N$2766,2,FALSE) -> 549702 | M221: 6333 | N221: 630700
... A224: Antiguo | B224: REDES ACUEDUCTO | C224: REDES ACUEDUCTO | D224: 3463 | E224: 279897 | F224: Actualización 2025-I Fase I | I224: 6085 | J224: =VLOOKUP(I224,$M$3:$N$2766,2,FALSE) -> #N/A | M224: 6337 | N224: 511700
A225: Antiguo | B225: EXCAVACIONES | C225: EXC. CONFORMACIÓN DE SUBRASANTE | D225: 3464 | E225: 46379 | F225: Actualización 2024-I Fase II + MO 2025 | M225: 6356 | N225: 53978
A226: Antiguo | B226: CONCRETO Y ACERO PARA ESTRUCTURAS | C226: CONCRETOS Y MORTEROS HECHOS EN OBRA | D226: 3465 | E226: 546086 | F226: Actualización 2025-I Fase I | M226: 6370 | N226: 499800
A227: Antiguo | B227: CONCRETO Y ACERO PARA ESTRUCTURAS | C227: CONCRETOS Y MORTEROS HECHOS EN OBRA | D227: 3466 | E227: 562205 | F227: Actualización 2025-I Fase I | M227: 6371 | N227: 499800
A228: Antiguo | B228: CONCRETO Y ACERO PARA ESTRUCTURAS | C228: CONCRETOS Y MORTEROS HECHOS EN OBRA | D228: 3467 | E228: 545455 | F228: Actualización 2025-I Fase I | I228: 4930 | J228: =VLOOKUP(I228,$D$3:$E$3191,2,FALSE) -> 2485256 | M228: 6372 | N228: 541138
A229: Antiguo | B229: CONCRETO Y ACERO PARA ESTRUCTURAS | C229: CONCRETOS Y MORTEROS HECHOS EN OBRA | D229: 3468 | E229: 476621 | F229: Actualización 2025-I Fase I | I229: 6189 | J229: =VLOOKUP(I229,$D$3:$E$3191,2,FALSE) -> 3355079 | M229: 6373 | N229: 644802
A230: Antiguo | B230: REDES ALCANTARILLADO / DRENAJE | C230: REDES ALCANTARILLADO / DRENAJE | D230: 3470 | E230: 1077292 | F230: Actualización 2025-I Fase I | I230: 6178 | J230: =VLOOKUP(I230,$D$3:$E$3191,2,FALSE) -> 23763 | M230: 6375 | N230: 743750
A231: Antiguo | B231: REDES ALCANTARILLADO / DRENAJE | C231: REDES ALCANTARILLADO / DRENAJE | D231: 3471 | E231: 739808 | F231: Actualización 2025-I Fase I | I231: 6179 | J231: =VLOOKUP(I231,$D$3:$E$3191,2,FALSE) -> 18906 | M231: 6376 | N231: 827050
A232: Antiguo | B232: REDES ALCANTARILLADO / DRENAJE | C232: REDES ALCANTARILLADO / DRENAJE | D232: 3472 | E232: 649494 | F232: Actualización 2025-I Fase I | I232: 6187 | J232: =VLOOKUP(I232,$D$3:$E$3191,2,FALSE) -> 227531 | M232: 6377 | N232: 846717
A233: Antiguo | B233: REDES ALCANTARILLADO / DRENAJE | C233: REDES ALCANTARILLADO / DRENAJE | D233: 3473 | E233: 871613 | F233: Actualización 2025-I Fase I | I233: 6186 | J233: =VLOOKUP(I233,$D$3:$E$3191,2,FALSE) -> 19042 | M233: 6378 | N233: 880600
A234: Antiguo | B234: REDES ALCANTARILLADO / DRENAJE | C234: REDES ALCANTARILLADO / DRENAJE | D234: 3474 | E234: 1076116 | F234: Actualización 2025-I Fase I | I234: 9209 | J234: =VLOOKUP(I234,$D$3:$E$3191,2,FALSE) -> #N/A | M234: 6379 | N234: 990188
A235: Antiguo | B235: CONCRETO Y ACERO PARA ESTRUCTURAS | C235: CONCRETOS Y MORTEROS HECHOS EN OBRA | D235: 3475 | E235: 404321 | F235: Actualización 2025-I Fase I | I235: 7380 | J235: =VLOOKUP(I235,$D$3:$E$3191,2,FALSE) -> 18908 | M235: 6380 | N235: 1256647
A236: Antiguo | B236: CONCRETO Y ACERO PARA ESTRUCTURAS | C236: CONCRETOS Y MORTEROS HECHOS EN OBRA | D236: 3476 | E236: 455018 | F236: Actualización 2025-I Fase I | M236: 6381 | N236: 1348666
A237: Antiguo | B237: CONCRETO Y ACERO PARA ESTRUCTURAS | C237: CONCRETOS Y MORTEROS HECHOS EN OBRA | D237: 3477 | E237: 558204 | F237: Actualización 2025-I Fase I | M237: 6382 | N237: 1388334
A238: Antiguo | B238: RELLENOS Y CAPAS GRANULARES | C238: RELLENOS PARA ANDENES Y REDES | D238: 3478 | E238: 156640 | F238: Actualización 2025-I Fase I | M238: 6383 | N238: 1557710
A239: Antiguo | B239: DEMOLICIONES | C239: DEMOLICIONES | D239: 3486 | E239: 187178 | F239: Actualización 2024-I Fase II + MO 2025 | I239: 10996 | J239: =VLOOKUP(I239,$D$3:$E$3191,2,FALSE) -> #N/A | M239: 6384 | N239: 1804040
A240: Antiguo | B240: SEÑALIZACIÓN | C240: DEMARCACION DE PAVIMENTOS | D240: 3490 | E240: 60964 | F240: Actualización 2024-I Fase II | I240: 7488 | J240: =VLOOKUP(I240,$D$3:$E$3191,2,FALSE) -> 622415 | M240: 6385 | N240: 1998097
A241: Antiguo | B241: SEÑALIZACIÓN | C241: DEMARCACION DE PAVIMENTOS | D241: 3491 | E241: 48448 | F241: Actualización 2024-I Fase II | I241: 7490 | J241: =VLOOKUP(I241,$D$3:$E$3191,2,FALSE) -> #N/A | M241: 6387 | N241: 1810509
A242: Antiguo | B242: SEÑALIZACIÓN | C242: DEMARCACION DE PAVIMENTOS | D242: 3492 | E242: 88014 | F242: Actualización 2024-I Fase II | I242: 10019 | J242: =VLOOKUP(I242,$D$3:$E$3191,2,FALSE) -> 184625 | M242: 6388 | N242: 1911757
A243: Antiguo | B243: REDES ACUEDUCTO | C243: REDES ACUEDUCTO | D243: 3499 | E243: 462871 | F243: Actualización 2025-I Fase I | I243: 7511 | J243: =VLOOKUP(I243,$D$3:$E$3191,2,FALSE) -> #N/A | M243: 6389 | N243: 2120206
A244: Antiguo | B244: REDES ACUEDUCTO | C244: REDES ACUEDUCTO | D244: 3500 | E244: 977042 | F244: Actualización 2025-I Fase I | I244: 8012 | J244: =VLOOKUP(I244,$D$3:$E$3191,2,FALSE) -> 9686600 | M244: 6390 | N244: 2319700
A245: Antiguo | B245: REDES ACUEDUCTO | C245: REDES ACUEDUCTO | D245: 3501 | E245: 1220798 | F245: Actualización 2025-I Fase I | I245: 9279 | J245: =VLOOKUP(I245,$D$3:$E$3191,2,FALSE) -> #N/A | M245: 6391 | N245: 2602583
A246: Antiguo | B246: REDES ACUEDUCTO | C246: REDES ACUEDUCTO | D246: 3502 | E246: 1444713 | F246: Actualización 2025-I Fase I | I246: 7496 | J246: =VLOOKUP(I246,$D$3:$E$3191,2,FALSE) -> #N/A | M246: 6392 | N246: 2930138
A247: Antiguo | B247: REDES ACUEDUCTO | C247: REDES ACUEDUCTO | D247: 3503 | E247: 1578067 | F247: Actualización 2025-I Fase I | I247: 10024 | J247: =VLOOKUP(I247,$D$3:$E$3191,2,FALSE) -> #N/A | M247: 6393 | N247: 7126190
A248: Antiguo | B248: REDES ALCANTARILLADO / DRENAJE | C248: REDES ALCANTARILLADO / DRENAJE | D248: 3504 | E248: 149399 | F248: Actualización 2025-I Fase I | M248: 6394 | N248: 8116997
A249: Antiguo | B249: REDES ALCANTARILLADO / DRENAJE | C249: REDES ALCANTARILLADO / DRENAJE | D249: 3505 | E249: 291613 | F249: Actualización 2025-I Fase I | M249: 6395 | N249: 8879157
A250: Antiguo | B250: REDES ALCANTARILLADO / DRENAJE | C250: REDES ALCANTARILLADO / DRENAJE | D250: 3506 | E250: 375063 | F250: Actualización 2025-I Fase I | I250: 10996 | J250: =VLOOKUP(I250,$M$3:$N$2766,2,FALSE) -> 297500 | M250: 6396 | N250: 9450776
...

Sheet PRESUPUESTO GENERAL
B1: PRESUPUESTO GENERAL DE OBRAS DE CONSERVACION
B2: ITEMS CONTRACTUALES | E2: UNIDAD | F2: PRECIO UNITARIO ACT | G2: CANTIDAD | H2: VALOR
B4: Item de la oferta | C4: Codigo IDU | D4: DESCRIPCION | E4: UNIDAD | F4: VALOR | G4: CANTIDAD | H4: VALOR
B5: 1 | D5: ACTIVIDADES DE OBRA (MANTENIMIENTO, REHABILITACION Y REDES)
B6: 1.001 | C6: 3007 | D6: REPLANTEO GENERAL | E6: m2 | F6: 955 | G6: 49590.334 | H6: =F6*G6 -> 47358769
B7: 1.002 | C7: 3464 | D7: EXCAVACION MANUAL EN MATERIAL COMUN. Incluye cargue. | E7: m3 | F7: 49473 | G7: 3345.5145 | H7: =F7*G7 -> 1.6551264e+08
B8: 1.003 | C8: 3710 | D8: EXCAVACIÓN MECÁNICA EN MATERIAL COMÚN (Incluye Cargue) | E8: m3 | F8: 5783 | G8: 13302.702 | H8: =F8*G8 -> 76929524
B9: 1.004 | C9: 3010 | D9: DEMOLICION PAVIMENTO ASFALTICO (INCLUYE CARGUE). NO INCLUYE TRANSPORTE Y DISPOSICIÓN FINAL DE SOBRANTES. | E9: m3 | F9: 42586 | G9: 2954.7624 | H9: =F9*G9 -> 1.2583151e+08
B10: 1.005 | C10: 3022 | D10: DEMOLICIÓN PISOS DE CONCRETO (incluye cargue). No incluye transporte y disposición final de sobrantes. | E10: m3 | F10: 64237 | G10: 25.337321 | H10: =F10*G10 -> 1627593.5
B11: 1.006 | C11: 3486 | D11: DEMOLICIÓN CONCRETO ESTRUCTURAL (Incluye Cargue manual). No incluye transporte y disposición final de sobrantes. | E11: m3 | F11: 208006 | G11: 658.97305 | H11: =F11*G11 -> 1.3707035e+08
B12: 1.007 | C12: 4848 | D12: DEMOLICION DE TUBERIAS DE ACUEDUCTO Y ALCANTARILLADO Ø < 36" (INCLUYE MARTILLO NEUMÁTICO DE 60 LB Y CARGUE). | E12: m | F12: 11196 | G12: 2462.6609 | H12: =F12*G12 -> 27571952
B13: 1.008 | C13: 4849 | D13: DEMOLICION O RETIRO MANUAL DE TUBERIAS DE AC Ø < 12" (INCLUYE CARGUE). | E13: m | F13: 3527 | G13: 202.69857 | H13: =F13*G13 -> 714917.85
B14: 1.009 | C14: 4850 | D14: DEMOLICION DE POZOS, CAJAS Y CAMARAS DE EMPRESAS DE SERVICIOS PÚBLICOS (INCLUYE MARTILLO NEUMÁTICO DE 60 LB, COMPRESOR Y CARGUE). | E14: m3 | F14: 329588 | G14: 12.516637 | H14: =F14*G14 -> 4125333.2
B15: 1.01 | C15: 3017 | D15: TRANSPORTE Y DISPOSICIÓN FINAL DE ESCOMBROS EN SITIO AUTORIZADO (distancia de transporte 21 Km). A distancia mayor del acarreo libre (90 m) en sitio autorizado por la entidad Ambiental competente. | E15: m3 | F15: 45600 | G15: 28315.926 | H15: =F15*G15 -> 1.2912062e+09
B16: 1.011 | C16: 4613 | D16: TRANSPORTE Y DISPOSICION FINAL DE ESCOMBROS EN SITIO AUTORIZADO (distancia de transporte 28 Km) | E16: m3 | F16: 58200 | G16: 506.74642 | H16: =F16*G16 -> 29492642
B17: 1.012 | C17: 5380 | D17: TRANSPORTE DE MATERIAL PROVENIENTE DE SITIO DE OBRA AL SITIO DISPUESTO PARA MEZCLAS, ESTABILIZAR O DEJAR EN PATIOS DE ACOPIO DEL IDU, EN DISTANCIA HASTA 21 Km. | E17: m3 | F17: 44531 | G17: 506.74642 | H17: =F17*G17 -> 22565925
... B165: 1.16 | C165: 4879 | D165: CONEXIONES KIT SILLA YEE 315 X 160 PVC. SUMINISTRO E INSTALACIÓN. | E165: Un | F165: 374680 | G165: 23 | H165: =F165*G165 -> 8617640
B166: 1.161 | C166: NP-14 | D166: CONSTRUCCIÓN DE SUMIDEROS A.LL. CONVENCIONAL. INCLUYE MARCO Y TAPA EN CONCRETO, MATERIALES Y MANO DE OBRA. | E166: Un | F166: 785256 | G166: 12 | H166: =F166*G166 -> 9423072
B167: 1.162 | C167: 4108 | D167: CAJA DE INSPECCIÓN DE 0.6x0.6m de altura mayor a 1.00 m y menor de 2.00 m (Incluye Suministro y Construcción. Inc. Base y Cañuela, marco y tapa) | E167: UN | F167: 1646908 | G167: 80 | H167: =F167*G167 -> 131752640
B168: 1.163 | C168: 8622 | D168: GEOTEXTIL TEJIDO PARA SEPARACIÓN SUBRASANTE/CAPAS GRANULARES (Incluye Suministro e Instalación) | E168: m2 | F168: 15087 | G168: 14659.287 | H168: =F168*G168 -> 2.2116467e+08
B169: 1.164 | C169: 4748 | D169: SUBBASE GRANULAR CLASE C (SBG_C) CON RECICLADO DE CONCRETO HIDRAULICO (SUMINISTRO, EXTENDIDO, NIVELACIÓN, HUMEDECIMIENTO Y COMPACTACIÓN CON VIBROCOMPACTADOR) | E169: m3 | F169: 155849 | G169: 2520.202 | H169: =F169*G169 -> 3.9277096e+08
B170: 1.165 | C170: 3052 | D170: RELLENO PARA REDES EN SUBBASE GRANULAR B-200 (SUMINISTRO, EXTENDIDO, HUMEDECIMIENTO Y COMPACTACIÓN) | E170: m3 | F170: 113102 | G170: 3600.332 | H170: =F170*G170 -> 4.0720475e+08
B171: NOTA: LAS CANTIDADES INCLUIDAS EN EL PRESUPUESTO OFICIAL ESTIMADO (POE) POR TIPO DE INTERVENCIÓN, SON CANTIDADES ESTIMADAS.
D172: COSTO DIRECTO DE OBRA | H172: =SUM(H6:H170) -> 1.4266417e+10
D174: ADMINISTRACION | E174: 0.2589 | H174: =ROUND(E174*H172,0) -> 3693575255
D175: IMPREVISTOS | E175: 0.01 | H175: =E175*H172 -> 1.4266417e+08
D176: UTILIDAD | E176: 0.04 | H176: =E176*H172 -> 5.7065666e+08
D178: VALOR TOTAL | E178: =SUM(E174:E177) -> 0.3089 | H178: =SUM(H174:H176) -> 4.4068961e+09
D180: PRESUPUESTO PARA EXPLORACION DE SUELOS Y ENSAYOS DE LABORATORIO | H180: ='ENSAYOS-DIAGNOS-DISEÑOS'!I28 -> 1.1724229e+08
D181: DIAGNOSTICOS Y DISEÑOS | H181: ='ENSAYOS-DIAGNOS-DISEÑOS'!I36 -> 245311080
D182: IVA DEL 19% ENSAYOS Y DIAGNÓSTICOS / DISEÑOS | H182: =(H180+H181)*0.19 -> 68885140
D183: VALOR EXPLORACION /ENSAYOS DE LABORATORIO /DIAGNOSTICOS Y DISEÑOS /INCLUIDO IVA | H183: =SUM(H180:H182) -> 4.3143851e+08
D185: PRESUPUESTO PARA MANEJO AMBIENTAL, GESTIÓN SOCIAL Y MANEJO DE TRAFICO | H185: ='INSUMOS ACT. PMA-SST-DC&CE-PMT'!H52 -> 2.2802711e+08
G187: TOTAL | H187: =+H172+H178+H183+H185 -> 1.9332778e+10

Sheet INDICES PRECIOS IDU
A1: Origen | B1: Capítulo | C1: Subcapítulo | D1: Código | E1: Nombre | F1: UM | G1: Valor | H1: Fecha de actualización
A2: Antiguo | B2: EXCAVACIONES | C2: EXC. CONFORMACIÓN DE SUBRASANTE | D2: 3007 | E2: REPLANTEO GENERAL | F2: M2 | G2: 758 | H2: Actualización 2022-I MO 2023
A3: Antiguo | B3: EXCAVACIONES | C3: EXC. ESTRUCTURAS Y REDES | D3: 3009 | E3: EXCAVACION MANUAL PARA REDES PROFUNDIDAD 0M - 2M (INCLUYE CARGUE) | F3: M3 | G3: 36750 | H3: Actualización 2022-I MO 2023
A4: Antiguo | B4: DEMOLICIONES | C4: DEMOLICIONES | D4: 3010 | E4: DEMOLICION PAVIMENTO ASFALTICO (INCLUYE CARGUE). NO INCLUYE TRANSPORTE Y DISPOSICIÓN FINAL DE SOBRANTES. | F4: M3 | G4: 32445 | H4: Actualización 2022-I MO 2023
A5: Antiguo | B5: DEMOLICIONES | C5: DEMOLICIONES | D5: 3011 | E5: DEMOLICION MANUAL SARDINEL EXISTENTE (INCLUYE CARGUE). NO INCLUYE TRANSPORTE Y DISPOSICIÓN FINAL DE SOBRANTES. | F5: ML | G5: 5157 | H5: Actualización 2022-I MO 2023
A6: Antiguo | B6: DEMOLICIONES | C6: DEMOLICIONES | D6: 3012 | E6: DEMOLICIÓN PISOS DE CONCRETO (ESPESOR VARIABLE HASTA 0.10 M. INCLUYE CARGUE). NO INCLUYE TRANSPORTE Y DISPOSICIÓN FINAL DE SOBRANTES. | F6: M2 | G6: 6831 | H6: Actualización 2022-I MO 2023
A7: Antiguo | B7: REDES ELECTRICAS | C7: RED ELÉCTRICA CODENSA | D7: 3015 | E7: RETIRO DE POSTES DE AP/LA (INCLUYE TRASLADO A SITIO DE ACOPIO) | F7: UN | G7: 212717 | H7: Actualización 2022-I MO 2023
A8: Antiguo | B8: TRANSPORTES Y ACARREOS | C8: TRANSPORTES Y ACARREOS | D8: 3017 | E8: TRANSPORTE Y DISPOSICIÓN FINAL DE ESCOMBROS EN SITIO AUTORIZADO (DISTANCIA DE TRANSPORTE 21 KM). A DISTANCIA MAYOR DEL ACARREO LIBRE (90 M) EN SITIO AUTORIZADO POR LA ENTIDAD AMBIENTAL COMPETENTE. | F8: M3 | G8: 34896 | H8: Actualización 2022 -I
A9: Antiguo | B9: RELLENOS Y CAPAS GRANULARES | C9: RELLENOS EN TIERRA | D9: 3018 | E9: RELLENO EN TIERRA NEGRA PARA EMPRADIZACION (SUMINISTRO Y EXTENDIDO) | F9: M3 | G9: 63299 | H9: Actualización 2022-I MO 2023
A10: Antiguo | B10: DEMOLICIONES | C10: DEMOLICIONES | D10: 3021 | E10: DEMOLICION PAVIMENTO ASFALTICO (ESPESOR VARIABLE. INCLUYE CARGUE). NO INCLUYE TRANSPORTE Y DISPOSICIÓN FINAL DE SOBRANTES. | F10: M2 | G10: 6242 | H10: Actualización 2022-I MO 2023
A11: Antiguo | B11: DEMOLICIONES | C11: DEMOLICIONES | D11: 3022 | E11: DEMOLICIÓN PISOS DE CONCRETO (INCLUYE CARGUE). NO INCLUYE TRANSPORTE Y DISPOSICIÓN FINAL DE SOBRANTES. | F11: M3 | G11: 48934 | H11: Actualización 2022-I MO 2023
A12: Antiguo | B12: RELLENOS Y CAPAS GRANULARES | C12: RELLENOS PARA ANDENES Y REDES | D12: 3024 | E12: RELLENO PARA REDES EN ARENA DE PEÑA (SUMINISTRO, EXTENDIDO, HUMEDECIMIENTO Y COMPACTACIÓN) | F12: M3 | G12: 111489 | H12: Actualización 2022-I MO 2023
A13: Antiguo | B13: ANDENES Y SARDINELES | C13: SARDINELES Y BORDILLOS | D13: 3027 | E13: SARDINEL TIPO A10 (SUMINISTRO E INSTALACIÓN. INCLUYE 3CM MORTERO 1:5) | F13: ML | G13: 60408 | H13: Actualización 2022-I MO 2023
... A4025: Nuevo DTP | B4025: PROYECTO ESPECÍFICO | C4025: PROYECTO CONSTRUCCION PUENTES SAN AGUSTIN Y LOS ANDES | D4025: 9934 | E4025: PROYECTO CONSTRUCCION PUENTES SAN AGUSTIN Y LOS ANDES - ACOMETIDA TRIFASICA (3N4+1N4) SERIE 8000 THWN-600V-AL (Incluye suministro e instalacion) | F4025: ML | G4025: 15630 | H4025: Actualización 2022-I
A4026: INSUMOS
C4027: CONCRETOS Y MORTEROS PREMEZCLADOS | D4027: 322 | E4027: CONCRETO GRAVA COMÚN 2000 PSI 14 MPa (140 Kg/m2) | F4027: M3 | G4027: 431256 | H4027: Actualización 2022 -I + MO 2023
C4028: CONCRETOS Y MORTEROS PREMEZCLADOS | D4028: 323 | E4028: CONCRETO GRAVA COMÚN 2500 PSI 17 MPa (175 Kg/cm2) | F4028: M3 | G4028: 446250 | H4028: Actualización 2022 -I + MO 2023
C4029: CONCRETOS Y MORTEROS PREMEZCLADOS | D4029: 324 | E4029: CONCRETO GRAVA COMÚN 3000 PSI 21 MPa (210 Kg/cm2) | F4029: M3 | G4029: 461958 | H4029: Actualización 2022 -I + MO 2023
C4030: CONCRETOS Y MORTEROS PREMEZCLADOS | D4030: 325 | E4030: CONCRETO GRAVA COMÚN 3500 PSI 24 MPa (245 Kg/cm2) | F4030: M3 | G4030: 476952 | H4030: Actualización 2022 -I + MO 2023
C4031: CONCRETOS Y MORTEROS PREMEZCLADOS | D4031: 326 | E4031: CONCRETO GRAVA COMÚN 4000 PSI 27 MPa (280 Kg/cm2) | F4031: M3 | G4031: 490304 | H4031: Actualización 2022 -I + MO 2023
C4032: CONCRETOS Y MORTEROS PREMEZCLADOS | D4032: 328 | E4032: CONCRETO GRAVA COMÚN 5000 PSI 34 MPa (350 Kg/cm2) | F4032: M3 | G4032: 522648 | H4032: Actualización 2022 -I + MO 2023
C4033: CONCRETOS Y MORTEROS PREMEZCLADOS | D4033: 333 | E4033: CONCRETO GRAVA FINA 3000 PSI 21 MPa (210 Kg/cm2) | F4033: M3 | G4033: 464814 | H4033: Actualización 2022 -I + MO 2023
C4034: CONCRETOS Y MORTEROS PREMEZCLADOS | D4034: 366 | E4034: MORTERO 2000 PSI 14 MPa (140 Kg/cm2) | F4034: M3 | G4034: 465564 | H4034: Actualización 2022 -I + MO 2023
C4035: EQUIPO PESADO | D4035: 1505 | E4035: COMPACTADOR DE LLANTAS - MASA SIN LASTRES DE 9 A 11 TONELADAS - INCLUYE OPERARIO Y COMBUSTIBLE | F4035: HR | G4035: 160757 | H4035: Actualización 2022 -I + MO 2023
C4036: ARBOLES-GRAMAS-VEGETACIÓN Y PLANTACIÓN PAISAJÍSTIC | D4036: 1512 | E4036: GRAMA | F4036: M2 | G4036: 8500 | H4036: Actualización 2022 -I + MO 2023
C4037: FORMALETAS, ANDAMIOS Y ACCESORIOS | D4037: 1515 | E4037: FORMALETA METÁLICA SARDINEL | F4037: ML/DI | G4037: 321 | H4037: Actualización 2022 -I + MO 2023
C4038: MALLAS Y ACEROS PARA REFUERZO | D4038: 1794 | E4038: ALAMBRE RECOCIDO No.18 | F4038: KG | G4038: 4284 | H4038: Actualización 2022 -I + MO 2023
... C7681: PROYECTO ESPECÍFICO | D7681: 13229 | E7681: PROYECTO CONSTRUCCION PUENTES SAN AGUSTIN Y LOS ANDES - CABLE ALUMINIO AISLADO NO.4 | F7681: ML | G7681: 3300 | H7681: Actualización 2022 -I
A7682: Valor de referencia | B7682: MANTENIMIENTO Y REHABILITACION DE VIAS | C7682: MALLA VIAL INTERMEDIA | D7682: 4491 | E7682: REHABILITACIÓN DE PAVIMENTO FLEXIBLE E= 0.12M | F7682: M2 | G7682: 223054 | H7682: Actualización 2022 -I + MO 2023
A7683: Valor de referencia | B7683: MANTENIMIENTO Y REHABILITACION DE VIAS | C7683: MALLA VIAL INTERMEDIA | D7683: 4503 | E7683: REHABILITACIÓN DE PAVIMENTO RÍGIDO: LOSAS EN CONCRETO HIDRÁULICO MR45 E=0.18M | F7683: M2 | G7683: 234697 | H7683: Actualización 2022 -I + MO 2023
A7684: Valor de referencia | B7684: MANTENIMIENTO Y REHABILITACION DE VIAS | C7684: MALLA VIAL INTERMEDIA | D7684: 4504 | E7684: CONSTRUCCIÓN DE PAVIMENTO RÍGIDO: LOSAS EN CONCRETO HIDRÁULICO MR45 E=0.18M | F7684: M2 | G7684: 271380 | H7684: Actualización 2022 -I + MO 2023
A7685: Valor de referencia | B7685: MANTENIMIENTO Y REHABILITACION DE VIAS | C7685: MALLA VIAL LOCAL | D7685: 4507 | E7685: DEMOLICIÓN Y RECONSTRUCCIÓN DE LOSAS EN CONCRETO HIDRÁULICO MR41 E=0.18M | F7685: M2 | G7685: 214431 | H7685: Actualización 2022 -I + MO 2023
A7686: Valor de referencia | B7686: MANTENIMIENTO Y REHABILITACION DE VIAS | C7686: MALLA VIAL LOCAL | D7686: 4508 | E7686: REHABILITACIÓN DE PAVIMENTO FLEXIBLE E= 0.10M B= 0.20M SBG= 0.20M | F7686: M2 | G7686: 195956 | H7686: Actualización 2022 -I + MO 2023
A7687: Valor de referencia | B7687: MANTENIMIENTO Y REHABILITACION DE VIAS | C7687: MALLA VIAL LOCAL | D7687: 4509 | E7687: REHABILITACIÓN DE PAVIMENTO RÍGIDO: LOSAS EN CONCRETO HIDRÁULICO MR41 E=0.18M. INCLUYE SARDINEL, GEOTEXTIL Y EXCAVACIÓN EN BASE E=30CM., BASE BG_A E=30CM | F7687: M2 | G7687: 252920 | H7687: Actualización 2022 -I + MO 2023
A7688: Valor de referencia | B7688: MANTENIMIENTO Y REHABILITACION DE VIAS | C7688: MALLA VIAL LOCAL | D7688: 4511 | E7688: CONSTRUCCIÓN DE PAVIMENTO FLEXIBLE E= 0.10M INCLUYE SARDINEL | F7688: M2 | G7688: 244787 | H7688: Actualización 2022 -I + MO 2023
A7689: Valor de referencia | B7689: MANTENIMIENTO Y REHABILITACION DE VIAS | C7689: MALLA VIAL LOCAL | D7689: 4512 | E7689: CONSTRUCCIÓN DE PAVIMENTO RÍGIDO: LOSAS EN CONCRETO HIDRÁULICO MR41 E=0.18M | F7689: M2 | G7689: 279661 | H7689: Actualización 2022 -I + MO 2023
A7690: Valor de referencia | B7690: MANTENIMIENTO Y REHABILITACION DE VIAS | C7690: MALLA VIAL ARTERIAL | D7690: 4517 | E7690: DEMOLICIÓN Y RECONSTRUCCIÓN DE LOSAS EN CONCRETO HIDRÁULICO MR45 E=0.20M | F7690: M2 | G7690: 233172 | H7690: Actualización 2022 -I + MO 2023
A7691: Valor de referencia | B7691: MANTENIMIENTO Y REHABILITACION DE VIAS | C7691: ACTIVIDADES ADICIONALES | D7691: 4523 | E7691: CONSTRUCCIÓN PAVIMENTO ARTICULADO EN ADOQUIN DE ARCILLA - TRAFICO LIVIANO | F7691: M2 | G7691: 192330 | H7691: Actualización 2022 -I + MO 2023
A7692: Valor de referencia | B7692: MANTENIMIENTO Y REHABILITACION DE VIAS | C7692: ACTIVIDADES ADICIONALES | D7692: 4524 | E7692: CONSTRUCCIÓN PAVIMENTO ARTICULADO EN ADOQUIN DE ARCILLA - TRAFICO PESADO | F7692: M2 | G7692: 208913 | H7692: Actualización 2022 -I + MO 2023
A7693: Valor de referencia | B7693: INDICES | C7693: CONSTRUCCIÓN DE ANDENES | D7693: 4575 | E7693: CONSTRUCCION DE ANDEN EN ADOQUIN DE ARCILLA SOBRE ARENA. NO INCLUYE BORDILLO. NO INCLUYE REDES | F7693: M2 | G7693: 160774 | H7693: Actualización 2022 -I + MO 2023
... A7822: Valor de referencia | B7822: ACTIVIDADES DE CONSERVACION | C7822: ACTIVIDADES DE CONSERVACIÓN_ | D7822: 8835 | E7822: MANTENIMIENTO RUTINARIO MALLA VIAL RURAL PRINCIPAL EN CONCRETO ASFÁLTICO | F7822: M2 | G7822: 8930 | H7822: Actualización 2022 -I + MO 2023

Sheet AIU_OBRA
B2: FONDO DE DESARROLLO LOCAL DE PUENTE ARANDA
B3: ANÁLISIS DEL AIU
B5: TOTAL COSTO DIRECTO ACTIVIDADES DE OBRA (MANTENIMIENTO, REHABILITACION Y REDES) | E5: ='PRESUPUESTO GENERAL'!H172 -> 1.4266417e+10
B6: AIU | E6: =E5*K82 -> 4.4068961e+09
B7: PRESUPUESTO PARA EXPLORACION DE SUELOS Y ENSAYOS DE LABORATORIO | E7: ='PRESUPUESTO GENERAL'!H180 -> 1.1724229e+08
B8: DIAGNOSTICOS Y DISEÑOS | E8: ='PRESUPUESTO GENERAL'!H181 -> 245311080
B9: IVA DEL 19% ENSAYOS Y DIAGNÓSTICOS / DISEÑOS | E9: ='PRESUPUESTO GENERAL'!H182 -> 68885140
B10: PRESUPUESTO PARA MANEJO AMBIENTAL, GESTIÓN SOCIAL Y MANEJO DE TRAFICO | E10: ='PRESUPUESTO GENERAL'!H185 -> 2.2802711e+08
B11: VALOR TOTAL: | E11: =SUM(E5:E10) -> 1.9332778e+10
B12: TERMINO ESTIMADO DE ACTIVIDADES PREVIAS (MESES) (G): | E12: 1
B13: TERMINO ESTIMADO PERIODO DE OBRA (MESES) (H): | E13: 18
B15: A. ADMINISTRACIÓN
B16: 1. COSTOS MENSUALES DE PERSONAL
B17: CANTIDAD | C17: Codigo IDU | D17: CARGO | E17: CATEGORÍA | F17: DEDICACIÓN ACTIVIDADES PREVIAS-Sin Inicio de Obra | G17: DEDICACIÓN PERIODO DE OBRA | H17: DEDICACION TOTAL PERSONAL | I17: TARIFA MES | J17: FACTOR PRESTACIONAL | K17: SALARIO MÁS PRESTACIONES | L17: FP > 2 smmlv | M17: 1.8612
B18: A | F18: B | G18: C | H18: D=A(B*G+C*H) | I18: E | J18: F | K18: I = D * E * F | L18: fp> 2 smmlv | M18: 1.77
B19: 1.1 PERSONAL PROFESIONAL (Ingenieros y Otros)
B20: =VLOOKUP($D20,[35]PERSONAL_OBRA!$B$3:$D$60,2,FALSE) -> 1 | C20: =VLOOKUP($E20,[35]Costos_Personal!$C$11:$X$18,[35]Costos_Personal!$X$1-[35]Costos_Personal!$C$1+1) -> 9110 | D20: DIRECTOR DE OBRA | E20: 4 | F20: 1 | G20: 0.6 | H20: =B20*(F20*$E$12+G20*$E$13) -> 11.8 | I20: 9277493.9 | J20: 1.8612 | K20: =ROUND((H20*I20*J20),0) -> 203753805
B21: 2 | C21: =VLOOKUP($E21,[35]Costos_Personal!$C$11:$X$18,[35]Costos_Personal!$X$1-[35]Costos_Personal!$C$1+1) -> 9112 | D21: INGENIERO RESIDENTE DE OBRA | E21: 6 | F21: 1 | G21: 1 | H21: =B21*(F21*$E$12+G21*$E$13) -> 38 | I21: 7287000 | J21: 1.8612 | K21: =ROUND((H21*I21*J21),0) -> 515377447
B22: 1 | C22: =VLOOKUP($E22,[35]Costos_Personal!$C$11:$X$18,[35]Costos_Personal!$X$1-[35]Costos_Personal!$C$1+1) -> 9110 | D22: ESPECIALISTA EN PAVIMENTOS | E22: 4 | F22: 0.1 | G22: 0.5 | H22: =B22*(F22*$E$12+G22*$E$13) -> 9.1 | I22: 9060000 | J22: 1.8612 | K22: =ROUND((H22*I22*J22),0) -> 153448495
B23: 1 | C23: =VLOOKUP($E23,[35]Costos_Personal!$C$11:$X$18,[35]Costos_Personal!$X$1-[35]Costos_Personal!$C$1+1) -> 9110 | D23: ESPECIALISTA EN REDES HIDROSANITARIAS | E23: 4 | F23: 0.1 | G23: 0.5 | H23: =B23*(F23*$E$12+G23*$E$13) -> 9.1 | I23: 9060000 | J23: 1.8612 | K23: =ROUND((H23*I23*J23),0) -> 153448495
B24: 1 | C24: =VLOOKUP($E24,[35]Costos_Personal!$C$11:$X$18,[35]Costos_Personal!$X$1-[35]Costos_Personal!$C$1+1) -> 9112 | D24: PROFESIONAL EN COSTOS, PRESUPUESTO Y PROGRAMACIÓN | E24: 6 | F24: 1 | G24: 0.5 | H24: =B24*(F24*$E$12+G24*$E$13) -> 10 | I24: 7167621.4 | J24: 1.8612 | K24: =ROUND((H24*I24*J24),0) -> 133403769
B25: 1 | C25: =VLOOKUP($E25,[35]Costos_Personal!$C$11:$X$18,[35]Costos_Personal!$X$1-[35]Costos_Personal!$C$1+1) -> 9113 | D25: RESIDENTE AMBIENTAL | E25: 7 | F25: 0.2 | G25: 0.5 | H25: =B25*(F25*$E$12+G25*$E$13) -> 9.2 | I25: 5510000 | J25: 1.8612 | K25: =ROUND((H25*I25*J25),0) -> 94347950
B26: 1 | C26: =VLOOKUP($E26,[35]Costos_Personal!$C$11:$X$18,[35]Costos_Personal!$X$1-[35]Costos_Personal!$C$1+1) -> 9113 | D26: RESIDENTE SOCIAL | E26: 7 | F26: 0.2 | G26: 0.5 | H26: =B26*(F26*$E$12+G26*$E$13) -> 9.2 | I26: 5510000 | J26: 1.8612 | K26: =ROUND((H26*I26*J26),0) -> 94347950
B27: 1 | C27: =VLOOKUP($E27,[35]Costos_Personal!$C$11:$X$18,[35]Costos_Personal!$X$1-[35]Costos_Personal!$C$1+1) -> 9113 | D27: INSPECTOR AMBIENTAL SST | E27: 7 | F27: 0 | G27: 0.5 | H27: =B27*(F27*$E$12+G27*$E$13) -> 9 | I27: 5510000 | J27: 1.8612 | K27: =ROUND((H27*I27*J27),0) -> 92296908
B28: 1.2 PERSONAL TÉCNICO Y PERSONAL AUXILIAR TÉCNICO
B29: 2 | C29: 9093 | D29: TARIFA MES - PERSONAL TÉCNICO - INSPECTOR 1 (NO INCLUYE FACTOR DE PRESTACIONES) | E29: N/A | F29: 0.4 | G29: 1 | H29: =B29*(F29*$E$12+G29*$E$13) -> 36.8 | I29: 2586000 | J29: 1.8612 | K29: =ROUND((H29*I29*J29),0) -> 177120726
B30: 1 | C30: 9088 | D30: TARIFA MES - PERSONAL TÉCNICO - TOPÓGRAFO INSPECTOR (NO INCLUYE FACTOR DE PRESTACIONES) | E30: N/A | F30: 0.4 | G30: 0.5 | H30: =B30*(F30*$E$12+G30*$E$13) -> 9.4 | I30: 3149000 | J30: 1.8612 | K30: =ROUND((H30*I30*J30),0) -> 55092637
B31: =B30 -> 1 | C31: 9090 | D31: TARIFA MES - PERSONAL AUXILIAR TÉCNICO - CADENERO 1 (NO INCLUYE FACTOR DE PRESTACIONES) | E31: N/A | F31: 0.4 | G31: 0.5 | H31: =B31*(F31*$E$12+G31*$E$13) -> 9.4 | I31: 2204000 | J31: 1.8612 | K31: =ROUND((H31*I31*J31),0) -> 38559597
B32: 1 | C32: 9089 | D32: TARIFA MES - PERSONAL TÉCNICO - LABORATORISTA INSPECTOR (NO INCLUYE FACTOR DE PRESTACIONES) | E32: N/A | F32: 0.4 | G32: 0.5 | H32: =B32*(F32*$E$12+G32*$E$13) -> 9.4 | I32: 3149000 | J32: 1.8612 | K32: =ROUND((H32*I32*J32),0) -> 55092637
B33: 1 | C33: 9100 | D33: TARIFA MES - PERSONAL AUXILIAR TÉCNICO - CONDUCTOR O MOTORISTA (NO INCLUYE FACTOR DE PRESTACIONES) | E33: N/A | F33: 0.4 | G33: 0.5 | H33: =B33*(F33*$E$12+G33*$E$13) -> 9.4 | I33: 1597000 | J33: 1.8612 | K33: =ROUND((H33*I33*J33),0) -> 27939962
B34: 1.3 PERSONAL ADMINISTRATIVO
B35: 1 | C35: 9103 | D35: TARIFA MES - PERSONAL ADMINISTRATIVO - AUXILIAR ADMINISTRATIVO-ALMACENISTA (NO INCLUYE FACTOR DE PRESTACIONES) | E35: N/A | F35: 0.4 | G35: 0.5 | H35: =B35*(F35*$E$12+G35*$E$13) -> 9.4 | I35: 2361000 | J35: 1.8612 | K35: =ROUND((H35*I35*J35),0) -> 41306356
B36: 1 | C36: 9105 | D36: TARIFA MES - PERSONAL ADMINISTRATIVO - SECRETARIA 2 (NO INCLUYE FACTOR DE PRESTACIONES) | E36: N/A | F36: 0.4 | G36: 0.5 | H36: =B36*(F36*$E$12+G36*$E$13) -> 9.4 | I36: 1597000 | J36: 1.8612 | K36: =ROUND((H36*I36*J36),0) -> 27939962
B37: SUBTOTAL COSTOS MENSUALES DE PERSONAL | K37: =SUM(K20:K36) -> 1863476696
B39: 2. GASTOS OPERACIONALES MENSUALES
B40: Cantidad | C40: DESCRIPCIÓN | E40: AREA (M2) | F40: DEDICACIÓN ACTIVIDADES PREVIAS-Sin Inicio de Obra | G40: DEDICACIÓN PERIODO DE OBRA | H40: DEDICACIÓN X ÁREA (M2)-MES- ACTIVIDADES PREVIAS -Sin Inicio de Obra | I40: DEDICACIÓN X ÁREA (M2)- MES-OBRA | J40: UNIDAD M2/MES COSTO ($/M2.MES) | K40: VALOR ($)
B41: 1 | C41: ALQUILER MES - ARRIENDO OFICINA INCL. ADMINISTRACIÓN, SERVICIOS PÚBLICOS, COMUNICACIONES | E41: 50 | F41: 0.2 | G41: 1 | H41: =E41*F41 -> 10 | I41: =G41*E41 -> 50 | J41: 32508 | K41: =ROUND((H41*J41*$E$12)+(I41*J41*$E$13),0) -> 29582280
B42: 1 | C42: ALQUILER MES - CAMPAMENTOS INCL. SERVICIOS PÚBLICOS PROVISIONALES | E42: 100 | F42: 0 | G42: 1 | H42: =E42*F42 -> 0 | I42: =G42*E42 -> 100 | J42: 26189 | K42: =ROUND((H42*J42*$E$12)+(I42*J42*$E$13),0) -> 47140200
B43: 1 | C43: GASTOS OFICINA (PAPELERIA, FOTOCOPIAS Y OTROS) | E43: N/A | F43: 0.2 | G43: 0.5 | H43: =F43 -> 0.2 | I43: =G43 -> 0.5 | J43: 922582 | K43: =ROUND((H43*J43*$E$12)+(I43*J43*$E$13),0) -> 8487754
B44: 1 | C44: DISTANCIOMETRO (Incluyendo tránsito y Estación Total) - Capacidad de Lectura hasta 1500m. | E44: N/A | F44: 0 | G44: 0.5 | H44: =F44 -> 0 | I44: =G44 -> 0.5 | J44: 8090239.1 | K44: =ROUND((H44*J44*$E$12)+(I44*J44*$E$13),0) -> 72812152
B45: 1 | C45: EQUIPO COMPLETO DE LABORATORIO - ESTUDIOS - MES | E45: N/A | F45: 0 | G45: 0.7 | H45: =F45 -> 0 | I45: =G45 -> 0.7 | J45: 5657000 | K45: =ROUND((H45*J45*$E$12)+(I45*J45*$E$13),0) -> 71278200
B46: 1 | C46: ALQUILER DE VEHICULO: CAMPERO, PICK-UP, CAMIONETA, CAMION O SIMILAR DE 1300cc A 2000cc DE CILINDRADA, MODELO 2014 A 2011. 75% DE LA TARIFA ESTABLECIDA. | E46: N/A | F46: 0 | G46: 0.7 | H46: =F46 -> 0 | I46: =G46 -> 0.7 | J46: 4816500 | K46: =ROUND((H46*J46*$E$12)+(I46*J46*$E$13),0) -> 60687900
B47: SUBTOTAL GASTOS OPERACIONALES MENSUALES | K47: =SUM(K41:K46) -> 289988486
B49: TOTAL COSTOS PERSONAL + GASTOS OPERACIONALES POR EL TÉRMINO DE EJECUCIÓN | K49: =(K37+K47) -> 2153465182
B50: TOTAL COSTOS PERSONAL + GASTOS OPERACIONALES POR EL TÉRMINO DE EJECUCIÓN EN PORCENTAJE DEL COSTO DIRECTO | K50: =ROUND(K49/E5,4) -> 0.1509
B52: 3. IMPUESTOS Y GARANTÍAS
B53: 3.1 IMPUESTOS
B54: DESCRIPCIÓN | J54: IMPUESTO | K54: VALOR ($)
B55: ESTAMPILLA ‘Cincuenta años de labor de la Universidad Pedagógica Nacional’ | J55: 0.005 | K55: =ROUND(J55*$E$62,2) -> 96663891
B56: RETE FUENTE | J56: 0.02 | K56: =ROUND(J56*$E$62,2) -> 3.8665557e+08
B57: CONTRIBUCIÓN ESPECIAL (Impuesto de Guerra Ley 1738 DIC18-2014 prorroga 4 años) | J57: 0.05 | K57: =ROUND(J57*$E$62,2) -> 9.6663891e+08
B58: SUBTOTAL IMPUESTOS | K58: =SUM(K55:K57) -> 1.4499584e+09
B60: 3.2 GARANTIAS
B61: DESCRIPCIÓN | E61: VR. BASE | F61: % ASEGURADO | I61: VIGENCIA AMPARO (MESES) | J61: TASA ASEGURADORA | K61: VALOR ($)
B62: G.UNICA | C62: CUMPLIMIENTO | E62: 19332778292 | F62: 0.3 | I62: 14 | J62: 0.002 | K62: =+ROUND(((E62*F62*J62)*(I62/12))*1.19,0) -> 16104204
C63: BUEN MANEJO DE ANTICIPO | E63: =+E62*0.1 -> 1.9332778e+09 | F63: 1 | I63: =I62 -> 14 | J63: 0.002 | K63: =+ROUND(((E63*F63*J63)*(I63/12))*1.19,0) -> 5368068
C64: SALARIOS Y PRESTACIONES SOCIALES | E64: =+E62 -> 19332778292 | F64: 0.1 | I64: 44 | J64: 0.002 | K64: =+ROUND(((E64*F64*J64)*(I64/12))*1.19,0) -> 16871071
C65: ESTABILIDAD DE LA OBRA -MANTENIMIENTO RUTINARIO- MANTENIMIENTO PERIÓDICO (PARCHEO, BACHEO EN AREAS MENORES AL 20% DEL ELEMENTO VIAL Y LECHADAS ASFALTICAS), ACTIVIDADES DE CONSERVACIÓN POR CONDICION DE RESPUESTA Y ACTIVIDADES PARA LA SOLUCIÓN PROBLEMAS DE SEGURIDAD Y MOVILIDAD. | E65: =E62*10% -> 1.9332778e+09 | F65: 0.3 | I65: 12 | J65: 0.002 | K65: =+ROUND(((E65*F65*J65)*(I65/12))*1.19,0) -> 1380360
C66: ESTABILIDAD DE LA OBRA - MANTENIMIENTO PERIÓDICO (SOBRECARPETA DELGADA Y MICROAGLOMERADO) | D66: ESTABILIDAD DE LA OBRA - MANTENIMIENTO PERIÓDICO (SOBRECARPETA DELGADA Y MICROAGLOMERADO) | E66: =E62*25% -> 4833194573 | F66: 0.3 | I66: 24 | J66: 0.002 | K66: =+ROUND(((E66*F66*J66)*(I66/12))*1.19,0) -> 6901802
C67: ESTABILIDAD DE LA OBRA - MANTENIMIENTO PERIÓDICO: PAVIMENTO FLEXIBLE (FRESADO PARCIAL O TOTAL, REPOSICIÓN CON MEZCLA ASFALTICA Y PARCHEO Y BACHEO EN AREAS SUPERIORES AL 20% DEL ELEMENTO VIAL.) Y PAVIMENTO RÍGIDO (RENIVELACIÓN O INYECCIÓN DE LOSAS, RESTAURACIÓN DE TRANSFERENCIA DE CARGAS Y REPOCISIÓN TOTAL O PARCIAL DE LOSAS.) | D67: ESTABILIDAD DE LA OBRA - MANTENIMIENTO PERIÓDICO: PAVIMENTO FLEXIBLE (FRESADO PARCIAL O TOTAL, REPOSICIÓN CON MEZCLA ASFALTICA Y PARCHEO Y BACHEO EN AREAS SUPERIORES AL 20% DEL ELEMENTO VIAL.) Y PAVIMENTO RÍGIDO (RENIVELACIÓN O INYECCIÓN DE LOSAS, RESTAURACIÓN DE TRANSFERENCIA DE CARGAS Y REPOCISIÓN TOTAL O PARCIAL DE LOSAS.) | E67: =E62*15% -> 2.8999167e+09 | F67: 0.3 | I67: 30 | J67: 0.002 | K67: =+ROUND(((E67*F67*J67)*(I67/12))*1.19,0) -> 5176351
C68: ESTABILIDAD DE LA OBRA - REHABILITACIÓN Y/O RECONSTRUCCIÓN | D68: ESTABILIDAD DE LA OBRA - REHABILITACIÓN Y/O RECONSTRUCCIÓN | E68: =E62*50% -> 9666389146 | F68: 0.3 | I68: 60 | J68: 0.002 | K68: =+ROUND(((E68*F68*J68)*(I68/12))*1.19,0) -> 34509009
C69: CALIDAD DEL SERVICIO- ENSAYOS DE LABORATORIO | D69: CALIDAD DEL SERVICIO- ENSAYOS DE LABORATORIO | E69: ='ENSAYOS-DIAGNOS-DISEÑOS'!I30 -> 1.3951832e+08 | F69: 0.3 | I69: 60 | J69: 0.002 | K69: =+ROUND(((E69*F69*J69)*(I69/12))*1.19,0) -> 498080
C70: CALIDAD DEL SERVICIO- PARA DISEÑOS DE ALTERNATIVAS DE INTERVENCIÓN | D70: CALIDAD DEL SERVICIO- PARA DISEÑOS DE ALTERNATIVAS DE INTERVENCIÓN | E70: ='ENSAYOS-DIAGNOS-DISEÑOS'!I38 -> 2.9192019e+08 | F70: 0.3 | I70: 60 | J70: 0.002 | K70: =+ROUND(((E70*F70*J70)*(I70/12))*1.19,0) -> 1042155
B71: R.C.E. | C71: PREDIOS, LABORES Y OPERACIONES - VIGENCIA | E71: =E64 -> 19332778292 | F71: 500 smmlv | I71: 8 | J71: 0.003 | K71: =+ROUND(((E71*5%)*J71*(I71/12))*1.19,0) -> 2300601
B73: SUBTOTAL GARANTÍAS | K73: =SUM(K62:K71) -> 90151701
B75: TOTAL IMPUESTOS Y GARANTÍAS | K75: =+K58+K73 -> 1.5401101e+09
B76: TOTAL IMPUESTOS Y GARANTÍAS EN PORCENTAJE DEL COSTO DIRECTO | K76: =ROUND(K75/E5,4) -> 0.108
B77: TOTAL ADMINISTRACION | K77: =K49+K75 -> 3.6935753e+09 | M77: 3693575255
B79: A. ADMINISTRACIÓN | K79: =ROUND(K77/E5,4) -> 0.2589
B80: I. IMPREVISTOS | K80: 0.01
B81: U. UTILIDAD | K81: 0.04
B82: A.I.U. OFICIAL (ADMINISTRACIÓN, IMPREVISTOS Y UTILIDAD) | K82: =+K79+K80+K81 -> 0.3089

Sheet INSUMOS ACT. PMA-SST-DC&CE-PMT
B1: PRESUPUESTO PARA MANEJO AMBIENTAL, GESTIÓN SOCIAL Y MANEJO DE TRAFICO
B2: ITEMS CONTRACTUALES | E2: UNIDAD | F2: PRECIO UNITARIO | G2: CANTIDAD | H2: VALOR
B4: Item de la oferta | C4: Codigo IDU | D4: DESCRIPCION | E4: UNIDAD | F4: VALOR | G4: CANTIDAD | H4: VALOR
B5: 1 | D5: SISTEMA DE GESTIÓN AMBIENTAL, SEGURIDAD Y SALUD EN EL TRABAJO
B6: 1.001 | C6: 5167 | D6: PERSONAL DE BRIGADA Y ASEO (INCLUYE HERRAMIENTA MENOR). SUMINISTRO. | E6: =VLOOKUP(D6,'INDICES PRECIOS IDU'!$E$1:$G$7822,2,FALSE) -> H/ME | F6: 2497477 | G6: 19.368373 | H6: =F6*G6 -> 48372065
B7: 1.002 | C7: 7820 | D7: PROTECCIÓN A ÁRBOLES (INCLUYE SUMINISTRO Y COLOCACIÓN DE DURMIENTES DE 2.90M X 0.04M X 0.04M Y POLISOMBRA AL 47% DE TAL MANERA QUE GARANTICE LA PROTECCIÓN AL INDIVIDUO VEGETAL. | E7: =VLOOKUP(D7,'INDICES PRECIOS IDU'!$E$1:$G$7822,2,FALSE) -> UN | F7: 30342 | G7: 0.23530754 | H7: =F7*G7 -> 7139.7013
B8: 1.003 | C8: 9280 | D8: BOLSA PARA BASURA TIPO INDUSTRIAL NEGRA DE 60 x 90 Cm CALIBRE 2 (PAQUETE DE 30 UNIDADES) | E8: =VLOOKUP(D8,'INDICES PRECIOS IDU'!$E$1:$G$7822,2,FALSE) -> UN | F8: 13029 | G8: 0.10104218 | H8: =F8*G8 -> 1316.4786
B9: 1.004 | C9: 9290 | D9: CANECA PLÁSTICA NEGRA DE 55 GALONES CON TAPA PLANA. | E9: =VLOOKUP(D9,'INDICES PRECIOS IDU'!$E$1:$G$7822,2,FALSE) -> UN | F9: 137784 | G9: 1.0685391 | H9: =F9*G9 -> 147227.59
B10: 1.005 | C10: 4945 | D10: ALQUILER DE CERRAMIENTO TIPO 1: CONSTA DE SEÑALIZADORES TUBULARES PLÁSTICOS, TRIPLE CINTA PELIGRO CAL. 4, POLISOMBRA 65% PARA CERRAMIENTO. (INCLUYE INSTALACIÓN, MANTENIMIENTO Y DESINSTALACIÓN). | E10: =VLOOKUP(D10,'INDICES PRECIOS IDU'!$E$1:$G$7822,2,FALSE) -> ML/MES | F10: 12022 | G10: 0.093232721 | H10: =F10*G10 -> 1120.8438
B11: 1.006 | C11: 4946 | D11: ALQUILER DE CERRAMIENTO TIPO 2: CONSTA DE POSTES ROLLIZOS DE 1.90MT DE ALTURA LIBRE CON BASE EN CONCRETO 1500 PSI DE 30CM X 30CM, DOBLE CINTA PELIGRO CAL. 4, TELA PARA CERRAMIENTO.(INCL INSTALACION, MANTENIMIENTO Y DESINSTALACIÓN). | E11: =VLOOKUP(D11,'INDICES PRECIOS IDU'!$E$1:$G$7822,2,FALSE) -> ML/MES | F11: 32138 | G11: 0.24923583 | H11: =F11*G11 -> 8009.9412
B12: 1.007 | C12: 5166 | D12: ALQUILER DE CERRAMIENTO TIPO 3, CONSTA DE SEÑALIZADORES TUBULARES PLASTICOS SEPARADOS ENTRE SI MAXIMO 3MTS TRIPLE CINTA PELIGRO CAL 4 (INCLUYE INSTALACIÓN, MANTENIMEINTO Y DESINSTALACIÓN). | E12: =VLOOKUP(D12,'INDICES PRECIOS IDU'!$E$1:$G$7822,2,FALSE) -> ML/ME | F12: 6265 | G12: 0.048586175 | H12: =F12*G12 -> 304.39239
B13: 1.008 | C13: 5366 | D13: POLISOMBRA VERDE PARA CERRAMIENTO. SUMINISTRO E INSTALACION. | E13: =VLOOKUP(D13,'INDICES PRECIOS IDU'!$E$1:$G$7822,2,FALSE) -> M2 | F13: =VLOOKUP(D13,'INDICES PRECIOS IDU'!$E$1:$G$7822,3,FALSE) -> 2646 | G13: 0.020520195 | H13: =F13*G13 -> 54.296435
B14: 1.009 | C14: 7556 | D14: PLASTICO NEGRO CALIBRE 6 | E14: =VLOOKUP(D14,'INDICES PRECIOS IDU'!$E$1:$G$7822,2,FALSE) -> M2 | F14: 1671 | G14: 0.012958898 | H14: =F14*G14 -> 21.654319
B15: 1.01 | C15: 7558 | D15: BAÑO TIPO FLUSHING | E15: =VLOOKUP(D15,'INDICES PRECIOS IDU'!$E$1:$G$7822,2,FALSE) -> UN/MES | F15: 622965 | G15: 4.831203 | H15: =F15*G15 -> 3009670.4
B16: 1.011 | C16: 7818 | D16: PROTECCIÓN A ALCANTARILLAS (INCLUYE SUMINISTRO Y COLOCACIÓN DE BOLSAS DE LONA Y GEOTEXTIL NT 1600 O SIMILAR). | E16: =VLOOKUP(D16,'INDICES PRECIOS IDU'!$E$1:$G$7822,2,FALSE) -> UN/MES | F16: 207247 | G16: 1.6072369 | H16: =F16*G16 -> 333095.02
B17: 1.012 | C17: 5169 | D17: PLAFONADO DE POZOS (INCLUYE SUMINISTRO Y COLOCACIÓN DE PUNTILLA, TABLA BURRA DE 2.90 X0.28X0.025M, CINTA DE SEÑALIZACION CAL 4 ROLLO 500MX0.10M Y SEÑALIZACIÓN TUBULAR COLOMBINA PLÁSTICA). | E17: =VLOOKUP(D17,'INDICES PRECIOS IDU'!$E$1:$G$7822,2,FALSE) -> UN | F17: 188296 | G17: 1.4602685 | H17: =F17*G17 -> 274962.73
B18: 1.013 | C18: 7772 | D18: ALQUILER KIT DE EMERGENCIAS (INCLUYE EXTINTOR DE 10 LBS, CAMILLA EN POLIETILENO PRIMEROS AUXILIOS, INMOVILIZADOR CABEZA, CONO DE H= 1.0M Y BOTIQUÍN. | E18: =VLOOKUP(D18,'INDICES PRECIOS IDU'!$E$1:$G$7822,2,FALSE) -> UN/MES | F18: 56861 | G18: 0.44096704 | H18: =F18*G18 -> 25073.827
B19: 1.014 | C19: 5170 | D19: ALQUILER ELEMENTOS DE PROTECCION PERSONAL BASICO CONSTRUCCION VIAS CUADRILLAS 5 PERSONAS (PARA PERSONAL OPERATIVO DE LOS FRENTES DE OBRA). | E19: =VLOOKUP(D19,'INDICES PRECIOS IDU'!$E$1:$G$7822,2,FALSE) -> UN/MES | F19: 391688 | G19: 3.0376092 | H19: =F19*G19 -> 1189795.1
B20: 1.015 | C20: 4934 | D20: ALQUILER CARPA VESTIER 2.0M X 2.0M CON ESTRUCTURA, TECHO Y LATERALES EN LONA. | E20: =VLOOKUP(D20,'INDICES PRECIOS IDU'!$E$1:$G$7822,2,FALSE) -> UN/MES | F20: 163756 | G20: 1.2699565 | H20: =F20*G20 -> 207963
B21: 1.016 | C21: 9985 | D21: SEÑAL EN POLIESTIRENO (30cm x 20cm) FOTOLUMINISCENTE - NORMA NTC - ISO | E21: =VLOOKUP(D21,'INDICES PRECIOS IDU'!$E$1:$G$7822,2,FALSE) -> UN | F21: 68425 | G21: 0.53064789 | H21: =F21*G21 -> 36309.582
B22: 1.017 | C22: 7904 | D22: ALQUILER BASTÓN LUMINOSO 5 FUNCIONES GRANDE ST -900 -1 55 X 4.5 CM RECARGABLE. | E22: =VLOOKUP(D22,'INDICES PRECIOS IDU'!$E$1:$G$7822,2,FALSE) -> UN/MES | F22: 30000 | G22: 0.23265527 | H22: =F22*G22 -> 6979.658
B23: 1.018 | C23: 7906 | D23: EXAMEN DE AUDIOMETRÍA DE INGRESO O EGRESO | E23: =VLOOKUP(D23,'INDICES PRECIOS IDU'!$E$1:$G$7822,2,FALSE) -> UN | F23: 25000 | G23: 0.19387939 | H23: =F23*G23 -> 4846.9848
B24: 1.019 | C24: 7908 | D24: EXAMEN DE OPTOMETRÍA DE INGRESO O EGRESO | E24: =VLOOKUP(D24,'INDICES PRECIOS IDU'!$E$1:$G$7822,2,FALSE) -> UN | F24: 25600 | G24: 0.1985325 | H24: =F24*G24 -> 5082.4319
B25: 1.02 | C25: 7910 | D25: EXAMEN DE ESPIROMETRÍA DE INGRESO O EGRESO | E25: =VLOOKUP(D25,'INDICES PRECIOS IDU'!$E$1:$G$7822,2,FALSE) -> UN | F25: 30000 | G25: 0.23265527 | H25: =F25*G25 -> 6979.658
B26: 2 | D26: DIALOGO CIUDADANO Y COMUNICACIÓN ESTRATÉGICA | G26: 0
B27: 2.001 | C27: 7870 | D27: VÍDEO BEAM - ALQUILER POR DIA | E27: =VLOOKUP(D27,'INDICES PRECIOS IDU'!$E$1:$G$7822,2,FALSE) -> DIA | F27: 99855 | G27: 0.77439306 | H27: =F27*G27 -> 77327.019
B28: 2.002 | C28: 7897 | D28: AFICHE TAMAÑO MEDIO PLIEGO A 4X0 TINTAS EN PROPALCOTE DE 115 GR. | E28: =VLOOKUP(D28,'INDICES PRECIOS IDU'!$E$1:$G$7822,2,FALSE) -> UN | F28: 1322 | G28: 0.010252342 | H28: =F28*G28 -> 13.553596
B29: 2.003 | C29: 6084 | D29: EDICION, IMPRESION Y DISTRIBUCION DE PIEZAS DE DIVULGACION (PIEZAS EN PAPEL BOND, TAMAÑO CARTA, TIPO FOTOCOPIA). | E29: =VLOOKUP(D29,'INDICES PRECIOS IDU'!$E$1:$G$7822,2,FALSE) -> UN | F29: 807 | G29: 0.0062584267 | H29: =F29*G29 -> 5.0505504
B30: 2.004 | C30: 7901 | D30: VOLANTES TAMAÑO 1/2 CARTA POLICROMÍA COTE DE 115 GR. | E30: =VLOOKUP(D30,'INDICES PRECIOS IDU'!$E$1:$G$7822,2,FALSE) -> UN | F30: 84 | G30: 0.00065143475 | H30: =F30*G30 -> 0.054720519
B31: 2.005 | C31: 7900 | D31: VOLANTES TAMAÑO CARTA POLICROMÍA DE 114 GR. | E31: =VLOOKUP(D31,'INDICES PRECIOS IDU'!$E$1:$G$7822,2,FALSE) -> UN | F31: 169 | G31: 0.0013106247 | H31: =F31*G31 -> 0.22149557
B32: 2.006 | C32: 11086 | D32: VALLA MÓVIL DE 1.20m x 1.20m EN LÁMINA GALVANIZADA CALIBRE 20, ÁNGULO EN HIERRO DE 2 x 1-1/8" IMPRESO EN VINILO ADHESIVO. Incluye suministro e instalación. Impresión 720 DPI; Tintas para exteriores. | E32: =VLOOKUP(D32,'INDICES PRECIOS IDU'!$E$1:$G$7822,2,FALSE) -> UN | F32: 674690 | G32: 5.2323394 | H32: =F32*G32 -> 3530207.1
B33: 2.007 | C33: 9576 | D33: ALQUILER MES - ARRIENDO OFICINA INCL. ADMINISTRACIÓN, SERVICIOS PÚBLICOS, COMUNICACIONES | E33: =VLOOKUP(D33,'INDICES PRECIOS IDU'!$E$1:$G$7822,2,FALSE) -> M2/MES | F33: 51916 | G33: 0.4026177 | H33: =F33*G33 -> 20902.3
B34: 2.008 | C34: 7894 | D34: AVISO PUNTO CREA 1.50m x 0.90m EN LÁMINA GALVANIZADA CAL. 24. INCLUYE SUMINISTRO E INSTALACIÓN | E34: =VLOOKUP(D34,'INDICES PRECIOS IDU'!$E$1:$G$7822,2,FALSE) -> UN | F34: 799680 | G34: 6.2016588 | H34: =F34*G34 -> 4959342.5
B35: 2.009 | C35: 9408 | D35: PUESTO DE TRABAJO - ESCRITORIO 75x120x50 | E35: =VLOOKUP(D35,'INDICES PRECIOS IDU'!$E$1:$G$7822,2,FALSE) -> UN | F35: 209467 | G35: 1.6244534 | H35: =F35*G35 -> 340269.37
B36: 2.01 | C36: 9409 | D36: SILLA ESCRITORIO GIRATORIA CON BRAZOS | E36: =VLOOKUP(D36,'INDICES PRECIOS IDU'!$E$1:$G$7822,2,FALSE) -> UN | F36: 189338 | G36: 1.4683494 | H36: =F36*G36 -> 278014.35
B37: 2.011 | C37: 9414 | D37: SILLA PLÁSTICA SIN BRAZOS | E37: =VLOOKUP(D37,'INDICES PRECIOS IDU'!$E$1:$G$7822,2,FALSE) -> UN | F37: 36607 | G37: 0.28389371 | H37: =F37*G37 -> 10392.497
B38: 2.012 | C38: 9048 | D38: CARTELERA CON MARCO EN ALUMINIO ANODIZADO, PAÑO COLOR GRIS CON CENEFA SUPERIOR, PUERTAS CORREDIZAS. Incl. Transporte | E38: =VLOOKUP(D38,'INDICES PRECIOS IDU'!$E$1:$G$7822,2,FALSE) -> UN | F38: 549702 | G38: 4.2630355 | H38: =F38*G38 -> 2343399.2
B39: 2.013 | C39: 6318 | D39: ALQUILER DE PORTATIL. CARACTERÍSTICAS: PROCESADOR INTEL, CORE I3 4005U, CELERON O SIMILAR, MEMORIA RAM DE 4 GB ( 2 X 2048 MB)DISCO DURO DE 500GB A 7200 RPMPANTALLA LED HP BRIGHTVIEW WIDESCREEN DE ALTA DEFINICIÓN CON 35,6 CM (14") O SIMILAR, HD INTEL GRAPHIC HD4400UNIDAD DE DVD QUEMADORBLUETOOTH | E39: UN/MES | F39: 1826650 | G39: 14.165992 | H39: =F39*G39 -> 25876308
B40: 2.014 | C40: 9835 | D40: SERVICIO TELEFONIA LOCAL ILIMITADA E INTERNET ILIMITADO VELOCIDAD PROMEDIO (80-500 MB) ESTRATO 3 | E40: =VLOOKUP(D40,'INDICES PRECIOS IDU'!$E$1:$G$7822,2,FALSE) -> MES | F40: 74320 | G40: 0.57636465 | H40: =F40*G40 -> 42835.421
B41: 2.015 | C41: 6085 | D41: LEVANTAMIENTO DE ACTA DE VECINDAD COMPLETA. (Incluye personal, logistica, elaboracion de formato, papeleria, fotografia y video). | E41: =VLOOKUP(D41,'INDICES PRECIOS IDU'!$E$1:$G$7822,2,FALSE) -> UN PRE | F41: 40778 | G41: 0.31624055 | H41: =F41*G41 -> 12895.657
B42: 3 | D42: PLAN DE MANEJO DE TRÁNSITO
B43: 3.001 | C43: 4930 | D43: BANDERERO (INCLUYE ALQUILER DE PALETA PARE-SIGA EN POLIETILENO). | E43: =VLOOKUP(D43,'INDICES PRECIOS IDU'!$E$1:$G$7822,2,FALSE) -> H/ME | F43: 2485256 | G43: 19.273597 | H43: =F43*G43 -> 47899822
B44: 3.002 | C44: 6189 | D44: BANDERERO (INCLUYE ALQUILER DE PALETA PARE-SIGA EN POLIETILENO). HORARIO NOCTURNO | E44: =VLOOKUP(D44,'INDICES PRECIOS IDU'!$E$1:$G$7822,2,FALSE) -> H/ME | F44: 3355079 | G44: 26.019227 | H44: =F44*G44 -> 87296561
B45: 3.003 | C45: 6178 | D45: ALQUILER SEÑAL VERTICAL GRUPO I (75X75CM) (INCLUYE SUMINISTRO E INSTALACIÓN) | E45: =VLOOKUP(D45,'INDICES PRECIOS IDU'!$E$1:$G$7822,2,FALSE) -> UN/MES | F45: 23763 | G45: 0.18428624 | H45: =F45*G45 -> 4379.1939
B46: 3.004 | C46: 6179 | D46: ALQUILER SEÑAL VERTICAL GRUPO I (60X60CM) (INCLUYE SUMINISTRO E INSTALACIÓN) | E46: =VLOOKUP(D46,'INDICES PRECIOS IDU'!$E$1:$G$7822,2,FALSE) -> UN/MES | F46: 18906 | G46: 0.14661935 | H46: =F46*G46 -> 2771.9854
B47: 3.005 | C47: 6187 | D47: ALQUILER DE SEÑAL LUMINOSA BIDIRECCIONAL 1.50M X 0.50M (INCLUYE INSTALACIÓN, MANTENIMIENTO Y DESINSTALACIÓN). | E47: =VLOOKUP(D47,'INDICES PRECIOS IDU'!$E$1:$G$7822,2,FALSE) -> UN/MES | F47: 227531 | G47: 1.7645429 | H47: =F47*G47 -> 401488.2
B48: 3.006 | C48: 6186 | D48: ALQUILER BARRERA RELLENABLE (2.00X0.55X1.00M) | E48: =VLOOKUP(D48,'INDICES PRECIOS IDU'!$E$1:$G$7822,2,FALSE) -> UN/MES | F48: 19042 | G48: 0.14767405 | H48: =F48*G48 -> 2812.0093
B49: 3.007 | C49: 9209 | D49: BARRICADA METALICA TIPO IDU CON CERRADO REFLECTIVO NARANJA Y BLANCO GRADO INGENIERIA, MEDIDAS: 2.40m x 1.50m - 3 BANDEJAS DE 20cm x 2.40m. TABLERO DE DESVIO DE 60cm | E49: =VLOOKUP(D49,'INDICES PRECIOS IDU'!$E$1:$G$7822,2,FALSE) -> UN | F49: 407306 | G49: 3.1587296 | H49: =F49*G49 -> 1286569.5
B50: 3.008 | C50: 7380 | D50: TOMA DE INFORMACION DE TRANSITO DURANTE LA OBRA (INCLUYE PROCESAMIENTO Y LOGISTICA) | E50: =VLOOKUP(D50,'INDICES PRECIOS IDU'!$E$1:$G$7822,2,FALSE) -> HR | F50: 18908 | G50: 0.14663486 | H50: =F50*G50 -> 2772.5719
B51: NOTA: LAS CANTIDADES INCLUIDAS EN EL PRESUPUESTO OFICIAL ESTIMADO (POE) POR TIPO DE INTERVENCIÓN, SON CANTIDADES ESTIMADAS, PRODUCTO DE UN ANÁLISIS PREVIO POR PARTE DE LA ENTIDAD, NO OBSTANTE LA EJECUCIÓN FINAL DE LAS MISMAS DEPENDERÁN POR COMPLETO DE LOS DIAGNÓSTICOS, DISEÑOS Y ACTIVIDADES DE OBRAS DE CONSERVACIÓN.
H52: =SUM(H6:H50) -> 2.2802711e+08

Sheet ENSAYOS-DIAGNOS-DISEÑOS
B1: PRESUPUESTO PARA EXPLORACION DE SUELOS Y ENSAYOS DE LABORATORIO
B2: ITEMS CONTRACTUALES | E2: UNIDAD | F2: PRECIO UNITARIO | G2: CANTIDAD | H2: FACTOR MULTIPLICADOR | I2: VALOR
B4: Item de la oferta | C4: Codigo IDU | D4: DESCRIPCION | E4: UNIDAD | F4: VALOR | G4: CANTIDAD | I4: VALOR
B5: 1 | D5: EXPLORACION DE SUELOS Y ENSAYOS DE LABORATORIO | I5: =SUM(I7:I26) -> 1.1724229e+08
D6: Ensayos de Pavimentos
B7: 1.001 | C7: 10996 | D7: =VLOOKUP(C7,'INDICES PRECIOS IDU'!$D$1:$G$7822,2,FALSE) -> APIQUE MANUAL HASTA 2 M DE 1.5 M X 1.5 M - RELLENO Y ADECUACIÓN DEL SITIO - INCLUYE TRANSPORTE | E7: =VLOOKUP(D7,'INDICES PRECIOS IDU'!$E$1:$G$7822,2,FALSE) -> UN | F7: 297500 | G7: 60 | H7: 1.1 | I7: =F7*G7*H7 -> 19635000
B8: 1.002 | C8: 7488 | D8: DETERMINACIÓN EN EL LABORATORIO DEL CONTENIDO DE AGUA (HUMEDAD) DE MUESTRAS DE SUELO, ROCA Y MEZCLAS DE SUELO - AGREGADO. Norma técnica: INV E 122-13 NTC-1495-13 ASTM D2216 - 10. | E8: =VLOOKUP(D8,'INDICES PRECIOS IDU'!$E$1:$G$7822,2,FALSE) -> UN | F8: 10282 | G8: 120 | H8: 1.1 | I8: =F8*G8*H8 -> 1357224
B9: 1.003 | C9: 7490 | D9: =VLOOKUP(C9,'INDICES PRECIOS IDU'!$D$1:$G$7822,2,FALSE) -> DETERMINACIÓN DE LOS TAMAÑOS DE LAS PARTÍCULAS DE LOS SUELOS (GRANULOMETRÍA POR TAMIZADO E HIDROMETRÍA). Norma técnica: INV E 123-13 ASTM D422 - 63(1998). | E9: =VLOOKUP(D9,'INDICES PRECIOS IDU'!$E$1:$G$7822,2,FALSE) -> UN | F9: 148750 | G9: 120 | H9: 1.1 | I9: =F9*G9*H9 -> 19635000
B10: 1.004 | C10: 10019 | D10: =VLOOKUP(C10,'INDICES PRECIOS IDU'!$D$1:$G$7822,2,FALSE) -> DETERMINACIÓN LÍMITE LÍQUIDO, LÍMITE PLÁSTICO E ÍNDICE DE PLASTICIDAD DE SUELOS. Norma técnica: INV E 125-13 e INV E 126-13 NTC-4630-1999. | E10: =VLOOKUP(D10,'INDICES PRECIOS IDU'!$E$1:$G$7822,2,FALSE) -> UN | F10: 60690 | G10: 120 | H10: 1.1 | I10: =F10*G10*H10 -> 8011080
B11: 1.005 | C11: 7511 | D11: =VLOOKUP(C11,'INDICES PRECIOS IDU'!$D$1:$G$7822,2,FALSE) -> CBR DE SUELOS COMPACTADOS EN EL LABORATORIO (SUELOS GRANULARES). Norma técnica: INV E 148-13 NTC-2122-13 ASTM D1883 - 16. | E11: =VLOOKUP(D11,'INDICES PRECIOS IDU'!$E$1:$G$7822,2,FALSE) -> UN | F11: 311780 | G11: 20 | H11: 1.1 | I11: =F11*G11*H11 -> 6859160
B12: 1.006 | C12: 8012 | D12: CBR SOBRE MUESTRA INALTERADA (SUELOS COHESIVOS). Norma técnica: INV E 148-13 NTC-2122-13 ASTM D1883 - 16. | E12: =VLOOKUP(D12,'INDICES PRECIOS IDU'!$E$1:$G$7822,2,FALSE) -> UN | F12: 154224 | G12: 40 | H12: 1.1 | I12: =F12*G12*H12 -> 6785856
B13: 1.007 | C13: 9279 | D13: DENSIDAD Y PESO UNITARIO DEL SUELO EN EL TERRENO POR EL MÉTODO DEL CONO Y ARENA. Norma técnica: INV E 161-13 NTC 1667-02 ASTM D1556 / D1556M - 15e1 . | E13: =VLOOKUP(D13,'INDICES PRECIOS IDU'!$E$1:$G$7822,2,FALSE) -> UN | F13: 59500 | G13: 20 | H13: 1.1 | I13: =F13*G13*H13 -> 1309000
B14: 1.008 | C14: 7496 | D14: =VLOOKUP(C14,'INDICES PRECIOS IDU'!$D$1:$G$7822,2,FALSE) -> DETERMINACIÓN DE LOS FACTORES DE CONTRACCIÓN DE LOS SUELOS. Norma técnica: INV E 127-13 NTC-1503-01 ASTM D427 - 04. | E14: =VLOOKUP(D14,'INDICES PRECIOS IDU'!$E$1:$G$7822,2,FALSE) -> UN | F14: 83300 | G14: 60 | H14: 1.1 | I14: =F14*G14*H14 -> 5497800
B15: 1.009 | C15: 10024 | D15: =VLOOKUP(C15,'INDICES PRECIOS IDU'!$D$1:$G$7822,2,FALSE) -> DETERMINACIÓN DEL POTENCIAL DE CAMBIO VOLUMÉTRICO DE UN SUELO EMPLEANDO EL APARATO DE LAMBE. Norma técnica: INV E 120-13. | E15: =VLOOKUP(D15,'INDICES PRECIOS IDU'!$E$1:$G$7822,2,FALSE) -> UN | F15: 243867 | G15: 60 | H15: 1.1 | I15: =F15*G15*H15 -> 16095222
D16: Diagnostico
B17: 1.01 | C17: 11455 | D17: =VLOOKUP(C17,'INDICES PRECIOS IDU'!$D$1:$G$7822,2,FALSE) -> TOMA DE DEFLEXIONES CON EQUIPO DEFLECTÓMETRO DE IMPACTO (FWD/HWD) PARA PAVIMENTO CON SUPERFICIE FLEXIBLE. Incluye movilización, carro escolta del equipo, toma de información, procesamiento y entrega de resultados. Norma técnica: INV E – 798 - 13 ASTM D4694 INV E – 797 - 13 ASTM D4695. | E17: Pto.3R | F17: 27370 | G17: 87 | H17: 1.1 | I17: =F17*G17*H17 -> 2619309
B18: 1.011 | C18: 11467 | D18: =VLOOKUP(C18,'INDICES PRECIOS IDU'!$D$1:$G$7822,2,FALSE) -> DETERMINACIÓN DE ESPESORES EN ESTRUCTURA DE PAVIMENTO CON EQUIPO GEORRADAR, EQUIPADO MÍNIMO CON DOS ANTENAS DE OPERACIÓN, CON FRECUENCIAS: LA PRIMERA COMO MÍNIMO 1000 MHZ Y LA SEGUNDA ENTRE 300 Y 600. Norma técnica: ASTM D4748. | E18: =VLOOKUP(D18,'INDICES PRECIOS IDU'!$E$1:$G$7822,2,FALSE) -> Km-Car | F18: 192298 | G18: 7.42 | H18: 1.1 | I18: =F18*G18*H18 -> 1569536.3
D19: Sondeo e Inspeccion de Redes Sanitarias
B20: 1.012 | C20: 8000 | D20: INSPECCIÓN DE REDES DE ALCANTARILLADO CON SISTEMA CCTV PARA DIÁMETROS ENTRE 6" Y 36". INCL MANO DE OBRA IDÓNEA, INFORME ESCRITO DE DIAGNÓSTICO Y DVD CON VIDEO. INCL IVA | E20: =VLOOKUP(D20,'INDICES PRECIOS IDU'!$E$1:$G$7822,2,FALSE) -> ML | F20: 13090 | G20: 1400 | H20: 1.1 | I20: =F20*G20*H20 -> 20158600
B21: 1.013 | C21: 8001 | D21: INSPECCIÓN DE REDES DE ALCANTARILLADO CON SISTEMA CCTV PARA DIÁMETROS MAYORES A 36". INCL MANO DE OBRA IDÓNEA, INFORME ESCRITO DE DIAGNÓSTICO Y DVD CON VIDEO. INCL IVA | E21: =VLOOKUP(D21,'INDICES PRECIOS IDU'!$E$1:$G$7822,2,FALSE) -> ML | F21: 15500 | G21: 10 | H21: 1.1 | I21: =F21*G21*H21 -> 170500
B22: 1.014 | C22: 8002 | D22: LAVADO Y SONDEO DE REDES DE ALCANTARILLADO ENTRE 6" Y 18" DE DIÁMETRO Y CON GRADO DE COLMATACIÓN MENOR DEL 30%. INCL MANO DE OBRA IDÓNEA, SEÑALIZACIÓN BÁSICA, SUMIN DE COMBUSTIBLE Y AGUA. INCL. IVA | E22: =VLOOKUP(D22,'INDICES PRECIOS IDU'!$E$1:$G$7822,2,FALSE) -> ML | F22: 20205 | G22: 155 | H22: 1.1 | I22: =F22*G22*H22 -> 3444952.5
B23: 1.015 | C23: 8003 | D23: LAVADO Y SONDEO DE REDES DE ALCANTARILLADO ENTRE 16" Y 36" DE DIÁMETRO Y CON GRADO DE COLMATACIÓN MENOR DEL 30%. INCLUYE MANO DE OBRA IDÓNEA, SEÑALIZACIÓN BÁSICA, SUMIN DE COMBUSTIBLE Y AGUA. INCL IVA | E23: =VLOOKUP(D23,'INDICES PRECIOS IDU'!$E$1:$G$7822,2,FALSE) -> ML | F23: 21734 | G23: 10 | H23: 1.1 | I23: =F23*G23*H23 -> 239074
B24: 1.016 | C24: 7892 | D24: EQUIPO VACTOR - SONDEO - LIMPIEZA - RECOLECCIÓN DE LODOS NO PELIGROSOS (No incluye agua). | E24: =VLOOKUP(D24,'INDICES PRECIOS IDU'!$E$1:$G$7822,2,FALSE) -> HR | F24: 380000 | G24: 8 | H24: 1.1 | I24: =F24*G24*H24 -> 3344000
B25: 1.017 | C25: 9434 | D25: TRATAMIENTO Y DISPOSICIÓN FINAL DE LODOS NO PELIGROSOS PROVENIENTES DE ALCANTARILLADO | E25: =VLOOKUP(D25,'INDICES PRECIOS IDU'!$E$1:$G$7822,2,FALSE) -> KG | F25: 381 | G25: 673 | H25: 1.1 | I25: =F25*G25*H25 -> 282054.3
B26: 1.018 | C26: 6089 | D26: AGUA | E26: =VLOOKUP(D26,'INDICES PRECIOS IDU'!$E$1:$G$7822,2,FALSE) -> LT | F26: =VLOOKUP(D26,'INDICES PRECIOS IDU'!$E$1:$G$7822,3,FALSE) -> 21 | G26: 9910 | H26: 1.1 | I26: =F26*G26*H26 -> 228921
E28: VALOR BASICO ESTIMADO PARA ENSAYOS DE LABORATORIO | I28: =SUM(I7:I26) -> 1.1724229e+08
E29: IVA 19% | I29: =I28*0.19 -> 22276035
E30: SUBTOTAL VALOR ENSAYOS DE LABORATORIO | I30: =I28+I29 -> 1.3951832e+08
D32: DIAGNOSTICOS Y DISEÑOS | E32: UNIDAD | F32: CANTIDAD | G32: COSTO UNITARIO ($) SIN I.V.A | I32: SUBTOTAL VALOR BASICO ($) INCLUYE FACTOR MULTIPLICADOR
D33: LEVANTAMIENTO DE DAÑOS PARA MANTENIMIENTO DE VIAS - (INCLUYE PERSONAL DE APOYO, PROCESAMIENTO Y ENTREGA DE LA INFORMACIÓN) | E33: M2 | F33: 26000 | G33: ='ANALISIS DIAG-DISEÑOS'!L23 -> 4034 | I33: =F33*G33 -> 104884000
D34: DISEÑO PARA REHABILITACION O RECONSTRUCCION DE VIAS (INCLUYE PROCESAMIENTO Y ENTREGA DE LA INFORMACIÓN) | E34: M2 | F34: 9263 | G34: ='ANALISIS DIAG-DISEÑOS'!L53 -> 15160 | I34: =F34*G34 -> 140427080
B35: NOTA: EL PRESPUESTO OFICIAL ESTIMADO (POE), Y DE ESTE, LOS COSTOS ASOCIADOS A PERSONAL QUE INCLUYEN EL FACTOR PRESTACIONAL (FP)SON INDICATIVOS.EL CONTRATISTA AL MOMENTO DE DAR CUMPLIMIENTO A SU OFERTA ECONOMICA DISPONDRÁ O NO DE LA UTILIZACION DEL FP DEPENDIENDO DEL TIPO DE VINCULACIÓN (SEGÚN APLIQUE).
E36: VALOR BASICO ESTIMADO PARA DIAGNOSTICOS Y DISEÑOS | I36: =SUM(I33:I34) -> 245311080
E37: IVA 19% | I37: =I36*0.19 -> 46609105
E38: SUBTOTAL VALOR DIAGNOSTICOS Y DISEÑOS | I38: =SUM(I36:I37) -> 2.9192019e+08
E40: VALOR ESTIMADO PARA DIAGNOSTICOS, DISEÑOS Y ENSAYOS DE LABORATORIO | I40: =SUM(I30+I38) -> 4.3143851e+08

Sheet ANALISIS DIAG-DISEÑOS
B1: LEVANTAMIENTO DE DAÑOS PARA MANTENIMIENTO DE VIAS - (INCLUYE PERSONAL DE APOYO, PROCESAMIENTO Y ENTREGA DE LA INFORMACION)
B3: Item | C3: Codigo IDU | D3: PERSONAL ESPECIALISTA, PROFESIONAL O DE APOYO, PARA OBRAS CIVILES / DESCRIPCION | E3: CANTIDAD DE PERSONAL POR ACTIVIDAD | F3: CATEGORÍA / U.M | G3: Vr. H/MES $ SEGÚN CATEGORIA / VR. UNIT | H3: MES | I3: TOTAL DEDICACIÓN M2/LEVANTMTO | J3: ($) SUBTOTAL M2/LEVANTMTO | K3: FACTOR MULTIPLICADOR | L3: COSTO ($) TOTAL M2/LEVANTMTO (INCLUYE F.M)
B4: 1 | D4: ESPECIALISTAS Y/O PROFESIONALES
D5: PAVIMENTOS
B6: 1.001 | C6: 9110 | D6: Especialista en Pavimentos | E6: 1 | F6: 4 | G6: 9060000 | H6: 2.7e-05 | I6: =H6*E6 -> 2.7e-05 | J6: =ROUND(G6*I6,0) -> 245 | K6: 2.14 | L6: =ROUND(J6*K6,0) -> 524 | M6: =VLOOKUP(L6,$M$3:$N$2766,2,FALSE) -> 9060000
B7: 1.002 | C7: 9110 | D7: Especialista en Geotecnia | E7: 1 | F7: 4 | G7: 9060000 | H7: 2.7e-05 | I7: =H7*E7 -> 2.7e-05 | J7: =ROUND(G7*I7,0) -> 245 | K7: 2.14 | L7: =ROUND(J7*K7,0) -> 524 | M7: =VLOOKUP(L7,$M$3:$N$2766,2,FALSE) -> 9060000
B8: 1.003 | D8: Levantamiento
B9: 1.004 | C9: 9113 | D9: Profesionales de Campo | E9: 3 | F9: 7 | G9: 5510000 | H9: 5.4e-05 | I9: =H9*E9 -> 0.000162 | J9: =ROUND(G9*I9,0) -> 893 | K9: 2.14 | L9: =ROUND(J9*K9,0) -> 1911 | M9: =VLOOKUP(L9,$M$3:$N$2766,2,FALSE) -> 5510000
B10: 1.005 | D10: PERSONAL AUXILIAR TECNICO
B11: 1.006 | C11: 9085 | D11: TARIFA MES - PERSONAL TÉCNICO - AUXILIAR DE INGENIERÍA (NO INCLUYE FACTOR DE PRESTACIONES) | E11: 1 | G11: 2997000 | H11: 2.2e-05 | I11: =H11*E11 -> 2.2e-05 | J11: =ROUND(G11*I11,0) -> 66 | K11: 2.14 | L11: =ROUND(J11*K11,0) -> 141 | M11: =VLOOKUP(L11,$M$3:$N$2766,2,FALSE) -> 2997000
B12: 1.007 | D12: Paletero
B13: 1.008 | C13: 9455 | D13: TARIFA MES - PERSONAL DE OBRA - AYUDANTE (NO INCLUYE FACTOR DE PRESTACIONES) | E13: 2 | G13: 1423500 | H13: 5.4e-05 | I13: =H13*E13 -> 0.000108 | J13: =ROUND(G13*I13,0) -> 154 | K13: 2.28 | L13: =ROUND(J13*K13,0) -> 351 | M13: =VLOOKUP(L13,$M$3:$N$2766,2,FALSE) -> 1423500
B14: 1.009 | D14: OTRO PERSONAL
C15: 9100 | D15: TARIFA MES - PERSONAL AUXILIAR TÉCNICO - CONDUCTOR O MOTORISTA (NO INCLUYE FACTOR DE PRESTACIONES) | E15: 1 | G15: 1597000 | H15: 5.4e-05 | I15: =H15*E15 -> 5.4e-05 | J15: =ROUND(G15*I15,0) -> 86 | K15: 2.28 | L15: =ROUND(J15*K15,0) -> 196 | M15: =VLOOKUP(L15,$M$3:$N$2766,2,FALSE) -> 1597000
B16: 1.01 | D16: SUBTOTAL 1 | L16: =SUM(L6:L15) -> 3647
D17: COSTOS OPERACIONALES
B18: 1.012 | D18: ALQUILER EQUIPO, SUMINISTROS Y OTROS ELEMENTOS | E18: CANTIDAD | F18: UNIDAD | G18: COSTO UNITARIO ($) | H18: MES 1 | I18: CANTID. TOTAL M2/LEVANTMT O | J18: ($) SUBTOTAL M2/LEVANTMTO | K18: FACTOR MULTIPLICADOR | L18: COSTO ($) TOTAL M2/LEVANTMTO (INCLUYE F.M)
B19: 1.013 | C19: 9456 | D19: ALQUILER DE VEHICULO: CAMPERO, PICK- UP, CAMIONETA, CAMION O SIMILAR DE 1300cc A 2000cc DE CILINDRADA, MODELO 2014 A 2011. 75% DE LA TARIFA ESTABLECIDA. INCLUYE TODOS LOS COSTOS DE OPERACIÓN Y MANTENIMIENTO EXCEPTO EL SALARIO DEL CONDUCTOR | E19: 1 | F19: MES | G19: 6264000 | H19: 5.4e-05 | I19: =H19*E19 -> 5.4e-05 | J19: =ROUND(G19*I19,0) -> 338 | K19: 1.1 | L19: =ROUND(J19*K19,0) -> 372 | M19: 6264000
B20: 1.014 | C20: 9840 | D20: EDICIÓN DE INFORME MENSUAL DE INTERVENTORÍA O CONSULTORÍA. Incluye 4 tapas plastificadas tamaño carta color blanco, con 6 tornillos, hojas de papel bond tamaño carta 75 gramos, 170 folios | E20: 1 | F20: UN/MES | G20: 251000 | H20: 5.4e-05 | I20: =H20*E20 -> 5.4e-05 | J20: =ROUND(G20*I20,0) -> 14 | K20: 1.1 | L20: =ROUND(J20*K20,0) -> 15 | M20: 251000
B21: 1.015 | D21: SUBTOTAL 2 | L21: =SUM(L19:L20) -> 387
K23: SUBTOTAL | L23: =SUM(L16,L21) -> 4034
B25: DISEÑO PARA REHABILITACION Y MANTENIMIENTO DE VIAS (INCLUYE PROCESAMIENTO Y ENTREGA DE LA INFORMACION)
B27: Item | C27: Codigo IDU | D27: PERSONAL ESPECIALISTA, PROFESIONAL O DE APOYO, PARA OBRAS CIVILES / DESCRIPCION | E27: CANTIDAD DE PERSONAL POR ACTIVIDAD | F27: CATEGORÍA / U.M | G27: Vr. H/MES $ SEGÚN CATEGORIA / VR. UNIT | H27: ESTUDIOS Y DISEÑOS MES 1 | I27: TOTAL DEDICACIÓN M2/DISEÑO | J27: ($) SUBTOTAL M2/DISEÑO | K27: FACTOR MULTIPLICADOR | L27: COSTO ($) TOTAL M2/DISEÑO (INCLUYE F.M)
D28: DIRECTOR -COORDINADOR
C29: 9110 | D29: Director de Proyecto - Consultoría | E29: 1 | F29: 4 | G29: 9060000 | H29: 7.4e-05 | I29: =H29*E29 -> 7.4e-05 | J29: =ROUND(G29*I29,0) -> 670 | K29: 2.14 | L29: =ROUND(J29*K29,0) -> 1434 | M29: 9060000
D30: ESPECIALISTAS Y/O PROFESIONALES
D31: PAVIMENTOS
C32: 9110 | D32: Especialista en Pavimentos | E32: 1 | F32: 4 | G32: 9060000 | H32: 0.000185 | I32: =H32*E32 -> 0.000185 | J32: =ROUND(G32*I32,0) -> 1676 | K32: 2.14 | L32: =ROUND(J32*K32,0) -> 3587 | M32: 9060000
D33: GEOTECNIA
C34: 9110 | D34: Especialista en Geotecnia | E34: 1 | F34: 4 | G34: 9060000 | H34: 0.000111 | I34: =H34*E34 -> 0.000111 | J34: =ROUND(G34*I34,0) -> 1006 | K34: 2.14 | L34: =ROUND(J34*K34,0) -> 2153 | M34: 9060000
D35: ESTRUCTURAS
C36: 9110 | D36: Especialista Estructural | E36: 1 | F36: 4 | G36: 9060000 | H36: 0.000111 | I36: =H36*E36 -> 0.000111 | J36: =ROUND(G36*I36,0) -> 1006 | K36: 2.14 | L36: =ROUND(J36*K36,0) -> 2153 | M36: 9060000
D37: REDES
C38: 9110 | D38: Especialista en Redes Hidrosanitarias | E38: 1 | F38: 4 | G38: 9060000 | H38: 0.000111 | I38: =H38*E38 -> 0.000111 | J38: =ROUND(G38*I38,0) -> 1006 | K38: 2.14 | L38: =ROUND(J38*K38,0) -> 2153 | M38: 9060000
D39: PERSONAL AUXILIAR TECNICO
C40: 9085 | D40: TARIFA MES - PERSONAL TÉCNICO - AUXILIAR DE INGENIERÍA (NO INCLUYE FACTOR DE PRESTACIONES) | E40: 1 | G40: 2997000 | H40: 0.000148 | I40: =H40*E40 -> 0.000148 | J40: =ROUND(G40*I40,0) -> 444 | K40: 2.14 | L40: =ROUND(J40*K40,0) -> 950 | M40: 2997000
C41: 9087 | D41: TARIFA MES - PERSONAL TÉCNICO - DIBUJANTE 2 (NO INCLUYE FACTOR DE PRESTACIONES) | E41: 1 | G41: 2540000 | H41: 0.000148 | I41: =H41*E41 -> 0.000148 | J41: =ROUND(G41*I41,0) -> 376 | K41: 2.28 | L41: =ROUND(J41*K41,0) -> 857 | M41: 2540000
D42: COMISION DE TOPOGRAFIA
C43: 9088 | D43: TARIFA MES - PERSONAL TÉCNICO - TOPÓGRAFO INSPECTOR (NO INCLUYE FACTOR DE PRESTACIONES) | E43: 1 | G43: 3555000 | H43: 0.000111 | I43: =H43*E43 -> 0.000111 | J43: =ROUND(G43*I43,0) -> 395 | K43: 2.14 | L43: =ROUND(J43*K43,0) -> 845 | M43: 3555000
C44: 9099 | D44: TARIFA MES - PERSONAL AUXILIAR TÉCNICO - CADENERO 2 (NO INCLUYE FACTOR DE PRESTACIONES) | E44: 1 | G44: 1920000 | H44: 0.000111 | I44: =H44*E44 -> 0.000111 | J44: =ROUND(G44*I44,0) -> 213 | K44: 2.28 | L44: =ROUND(J44*K44,0) -> 486 | M44: 1920000
C45: 9100 | D45: TARIFA MES - PERSONAL AUXILIAR TÉCNICO - CONDUCTOR O MOTORISTA (NO INCLUYE FACTOR DE PRESTACIONES) | E45: 1 | G45: 1597000 | H45: 0.000111 | I45: =H45*E45 -> 0.000111 | J45: =ROUND(G45*I45,0) -> 177 | K45: 2.28 | L45: =ROUND(J45*K45,0) -> 404 | M45: 1597000
D46: SUBTOTAL 1 | L46: =SUM(L29:L45) -> 15022
D47: COSTOS OPERACIONALES
D48: ALQUILER EQUIPO, SUMINISTROS Y OTROS ELEMENTOS | E48: CANTIDAD | F48: UNIDAD | G48: COSTO UNITARIO ($) | H48: MES 1 | I48: CANTIDAD TOTAL M2/DISEÑO | J48: ($) SUBTOTAL M2/DISEÑO | K48: FACTOR MULTIPLICADOR | L48: COSTO ($) TOTAL M2/DISEÑO (INCLUYE F.M)
C49: 9125 | D49: DISTANCIOMETRO (Incluyendo tránsito y Estación Total) - Capacidad de Lectura hasta 1500m. | E49: 1 | F49: MES | G49: 8016000 | H49: 1.4e-05 | I49: =H49*E49 -> 1.4e-05 | J49: =ROUND(G49*I49,0) -> 112 | K49: 1.1 | L49: =ROUND(J49*K49,0) -> 123
C50: 9840 | D50: EDICIÓN DE INFORME MENSUAL DE INTERVENTORÍA O CONSULTORÍA. Incluye 4 tapas plastificadas tamaño carta color blanco, con 6 tornillos, hojas de papel bond tamaño carta 75 gramos, 170 folios | E50: 1 | F50: UN/MES | G50: 251000 | H50: 5.7e-05 | I50: =H50*E50 -> 5.7e-05 | J50: =ROUND(G50*I50,0) -> 14 | K50: 1.1 | L50: =ROUND(J50*K50,0) -> 15 | M50: =VLOOKUP(L50,$M$3:$N$2766,2,FALSE) -> 251000
D51: SUBTOTAL 2 | L51: =SUM(L49:L50) -> 138
K53: SUBTOTAL | L53: =SUM(L46,L51) -> 15160

Sheet NP-14
A1: COPIE Y PEGUE COMO TEXTO EN CADA FILA EL CODIGO DEL INSUMO QUE APARECE EN LA COLUMNA A DE LA PESTAÑA INSUMOS | G1: NP-14 | N1: =22*1794 -> 39468
C2: =+'[19]INFO '!B2 -> FONDO DE DESARROLLO LOCAL DE PUENTE ARANDA
G3: VERSIÓN | H3: ='[19]INFO '!B31 -> 44720
C4: ANALISIS DE PRECIOS UNITARIOS | G4: PÁGINA | H4: 1 | I4: DE | J4: 1
C9: DATOS ESPECÍFICOS
C10: ITEM | D10: DESCRIPCIÓN | H10: UNIDAD | I10: CANTIDAD | J10: FECHA | K10: CANTIDAD CONTRACTUAL | M10: TOTAL ITEM | N10: INCIDENCIA
A11: 105001011 | C11: NP - 14 | D11: CONSTRUCCIÓN DE SUMIDEROS A.LL. CONVENCIONAL. INCLUYE MARCO Y TAPA EN CONCRETO, MATERIALES Y MANO DE OBRA. | H11: UN | I11: 1 | J11: =+'[19]INFO '!B30 -> 12/27/2022 | K11: =IF(C11="","",VLOOKUP(C11,ITEMS,5,FALSE)) -> #N/A | M11: =+K11*K54 -> #N/A | N11: =+M11/COSTOD -> #N/A
C13: I. EQUIPO
A14: CODIGO INSUMO | B14: CODIGO INSUMO | C14: DESCRIPCIÓN | G14: UNIDAD | H14: TARIFA | I14: RENDIMIENTO | J14: Vr. UNITARIO | K14: ESCRIBA EL VALOR DE LA HERRAMIENTA MENOR
A15: 1000 | B15: 6092 | C15: =IF(B15="","",VLOOKUP(B15,insumos,2,FALSE)) -> HERRAMIENTA MENOR | G15: =IF(B15="","",VLOOKUP(B15,insumos,3,FALSE)) -> GLOBAL | H15: =IF(B15="","",VLOOKUP(B15,insumos,4,FALSE)) -> 2000 | I15: 0.5 | J15: =H15*I15 -> 1000 | K15: =IF(J15>(J49*10%),"REVISAR",J15) -> 1000
A16: 215 | K16: =+K54 -> 714962
A17: 200 | K17: =+J54 -> 1006064
K18: =+K16-K17 -> -291102 | L18: DIFERENCIA
M21: =0.9*0.7*0.1 -> 0.063
I22: SUBTOTAL $ | J22: =+SUM(J15:J21) -> 1000
C24: II. MATERIALES
C25: DESCRIPCIÓN | G25: UNIDAD | H25: PRECIO UNIT. | I25: CANTIDAD | J25: Vr. UNITARIO | L25: FIGURA | M25: CANT | N25: TIPO | O25: LONG | P25: f | Q25: PESO
B26: 324 | C26: =IF(B26="","",VLOOKUP(B26,insumos,2,FALSE)) -> CONCRETO GRAVA COMÚN 3000 PSI 21 MPa (210 Kg/cm2) | G26: =IF(B26="","",VLOOKUP(B26,insumos,3,FALSE)) -> M3 | H26: 573851 | I26: =(0.1*0.13*1.1+0.9*0.7*0.1*2+1.3*0.7*0.1*2)*1.05 -> 0.338415 | J26: =IFERROR(ROUND(H26*I26,2),"") -> 194199.79
B27: 3708 | C27: =IF(B27="","",VLOOKUP(B27,insumos,2,FALSE)) -> ACERO DE REFUERZO, INCLUYE TODOS LOS COSTOS DE SUMINISTRO DE MATERIALES (REFUERZO (G60) FIGURADO, CORRUGADO, INCLUYE EL ALAMBRE DE AMARRE), EQUIPOS, TRANSPORTES, MANEJO, ALMACENAMIENTO, DESPERDICIOS Y MANO DE OBRA. | G27: =IF(B27="","",VLOOKUP(B27,insumos,3,FALSE)) -> KG | H27: 5591 | I27: =((0.7+1.4+0.7)*4*0.57+(0.9+1)*6*0.57)*1.05 -> 13.5261 | J27: =IFERROR(ROUND(H27*I27,2),"") -> 75624.43 | K27: 0.6 | M27: 4 | N27: LONGITUDINAL | O27: =K27*2+L28+0.1*2 -> 2.8 | P27: 3/8" | Q27: =O27*0.57*M27 -> 6.384
B28: 6807 | C28: =IF(B28="","",VLOOKUP(B28,insumos,2,FALSE)) -> FORMALETA MADERA SUMIDEROS | G28: =IF(B28="","",VLOOKUP(B28,insumos,3,FALSE)) -> M2 | H28: 47454 | I28: =(3*0.2*3+3*0.2*3)*1.1 -> 3.96 | J28: =IFERROR(ROUND(H28*I28,2),"") -> 187917.84 | L28: 1.4
B29: 1794 | C29: =IF(B29="","",VLOOKUP(B29,insumos,2,FALSE)) -> ALAMBRE RECOCIDO No.18 | G29: =IF(B29="","",VLOOKUP(B29,insumos,3,FALSE)) -> KG | H29: 5501 | I29: 2 | J29: =IFERROR(ROUND(H29*I29,2),"") -> 11002 | K29: 0.6 | M29: 6 | N29: TRANSVERSAL | O29: =K29*2+L30+0.1*2 -> 2.1 | P29: 3/8" | Q29: =O29*0.57*M29 -> 7.182
B30: 7104 | C30: =IF(B30="","",VLOOKUP(B30,insumos,2,FALSE)) -> rejilla sumidero lateral 83.5*45 | G30: =IF(B30="","",VLOOKUP(B30,insumos,3,FALSE)) -> UN | H30: 378392 | I30: 1 | J30: =IFERROR(ROUND(H30*I30,2),"") -> 378392 | L30: 0.7 | Q30: =SUM(Q27:Q29) -> 13.566
C31: =IF(B31="","",VLOOKUP(B31,insumos,2,FALSE)) | G31: =IF(B31="","",VLOOKUP(B31,insumos,3,FALSE)) | H31: =IF(B31="","",VLOOKUP(B31,insumos,4,FALSE)) | J31: =IFERROR(ROUND(H31*I31,2),"")
I32: SUBTOTAL $ | J32: =+SUM(J26:J31) -> 847136.06
C34: III. TRANSPORTES
C35: MATERIAL | F35: UNIDAD | G35: DISTANCIA | H35: CANTIDAD | I35: TARIFA | J35: Vr. UNITARIO
C36: =IF(B36="","",VLOOKUP(B36,insumos,2,FALSE)) | I36: =IF(B36="","",VLOOKUP(B36,insumos,4,FALSE)) | J36: =IFERROR(ROUND(H36*I36,2),"")
C37: =IF(B37="","",VLOOKUP(B37,insumos,2,FALSE)) | I37: =IF(B37="","",VLOOKUP(B37,insumos,4,FALSE)) | J37: =IFERROR(ROUND(G37*H37*I37,2),"")
C38: =IF(B38="","",VLOOKUP(B38,insumos,2,FALSE)) | I38: =IF(B38="","",VLOOKUP(B38,insumos,4,FALSE)) | J38: =IFERROR(ROUND(H38*I38,2),"")
J39: =IFERROR(ROUND(H39*I39,2),"") -> 0
I40: SUBTOTAL $ | J40: =+SUM(J36:J39) -> 0
C42: IV. MANO DE OBRA
C43: TRABAJADOR | E43: CANTIDAD | F43: JORNAL | G43: PRESTACIONES | H43: SALARIO TOTAL | I43: RENDIMIENTO | J43: Vr. UNITARIO
A44: 101 | B44: 101 | C44: =IF(B44="","",VLOOKUP(B44,insumos,2,FALSE)) -> OFICIAL | E44: 1 | F44: =IF(B44="","",VLOOKUP(B44,insumos,4,FALSE)) -> 43992 | G44: =+IF($C44="","",80%) -> 0.8 | H44: =+IF($C44="","",(F44*(1+G44))*E44) -> 79185.6 | I44: 0.85 | J44: =IFERROR(ROUND(H44/I44,2),"") -> 93159.53
A45: 100 | B45: 100 | C45: =IF(B45="","",VLOOKUP(B45,insumos,2,FALSE)) -> AYUDANTE | E45: 1 | F45: =IF(B45="","",VLOOKUP(B45,insumos,4,FALSE)) -> 30585 | G45: =+IF($C45="","",80%) -> 0.8 | H45: =+IF($C45="","",(F45*(1+G45))*E45) -> 55053 | I45: =I44 -> 0.85 | J45: =IFERROR(ROUND(H45/I45,2),"") -> 64768.24 | L45: =55053/1.8 -> 30585
C46: =IF(B46="","",VLOOKUP(B46,insumos,2,FALSE)) | F46: =IF(B46="","",VLOOKUP(B46,insumos,4,FALSE)) | G46: =+IF($C46="","",80%) | H46: =+IF($C46="","",(F46*(1+G46))*E46) | I46: =+IF($C46="","",IF(I17="",I45,$I$16*8)) | J46: =IFERROR(ROUND(H46/I46,2),"")
C47: =IF(B47="","",VLOOKUP(B47,insumos,2,FALSE)) | F47: =IF(B47="","",VLOOKUP(B47,insumos,4,FALSE)) | G47: =+IF($C47="","",80%) | H47: =+IF($C47="","",(F47*(1+G47))*E47) | I47: =+IF($C47="","",IF(I18="",I46,$I$16*8)) | J47: =IFERROR(ROUND(H47/I47,2),"")
C48: =IF(B48="","",VLOOKUP(B48,insumos,2,FALSE)) | F48: =IF(B48="","",VLOOKUP(B48,insumos,4,FALSE)) | G48: =+IF($C48="","",80%) | H48: =+IF($C48="","",(F48*(1+G48))*E48) | I48: =+IF($C48="","",IF(#REF!="",I47,$I$16*8)) | J48: =IFERROR(ROUND(H48/I48,2),"")
I49: SUBTOTAL $ | J49: =+SUM(J44:J48) -> 157927.77
C51: TOTAL COSTO DIRECTO | J51: =+J22+J32+J40+J49 -> 1006063.8
C52: observaciones: La rejilla utilizada es la misma que la que tienen los demas sumideros existentes en el segmento
G54: Precio Unitario Total Aproximado al peso $ | J54: =+ROUND(J51,0) -> 1006064 | K54: 714962 | L54: =+IFERROR(VLOOKUP(C11,ITEMS,6,FALSE),0) -> 0

Sheet Base de precios unitarios
B1: Código | C1: Nombre | D1: UM | E1: Valor | F1: Fecha de actualización
B2: 3007 | C2: REPLANTEO GENERAL | D2: M2 | E2: 955 | F2: Actualización 2025-I Fase II + M.O. Ley 2101 de 2021
B3: 3009 | C3: EXCAVACION MANUAL PARA REDES PROFUNDIDAD 0M - 2M (INCLUYE CARGUE) | D3: M3 | E3: 49473 | F3: Actualización 2025-I Fase II + M.O. Ley 2101 de 2021
B4: 3010 | C4: DEMOLICION PAVIMENTO ASFALTICO (INCLUYE CARGUE). NO INCLUYE TRANSPORTE Y DISPOSICIÓN FINAL DE SOBRANTES. | D4: M3 | E4: 42586 | F4: Actualización 2025-I Fase II + M.O. Ley 2101 de 2021
B5: 3011 | C5: DEMOLICION MANUAL SARDINEL EXISTENTE (INCLUYE CARGUE). NO INCLUYE TRANSPORTE Y DISPOSICIÓN FINAL DE SOBRANTES. | D5: ML | E5: 6820 | F5: Actualización 2025-I Fase II + M.O. Ley 2101 de 2021
B6: 3012 | C6: DEMOLICIÓN PISOS DE CONCRETO (ESPESOR VARIABLE HASTA 0.10 M. INCLUYE CARGUE). NO INCLUYE TRANSPORTE Y DISPOSICIÓN FINAL DE SOBRANTES. | D6: M2 | E6: 9017 | F6: Actualización 2025-I Fase II + M.O. Ley 2101 de 2021
B7: 3015 | C7: RETIRO DE POSTES DE AP/LA (INCLUYE TRASLADO A SITIO DE ACOPIO) | D7: UN | E7: 254049 | F7: Actualización 2025-I Fase II + M.O. Ley 2101 de 2021
B8: 3017 | C8: TRANSPORTE Y DISPOSICIÓN FINAL DE ESCOMBROS EN SITIO AUTORIZADO (DISTANCIA DE TRANSPORTE 21 KM). A DISTANCIA MAYOR DEL ACARREO LIBRE (90 M) EN SITIO AUTORIZADO POR LA ENTIDAD AMBIENTAL COMPETENTE. | D8: M3 | E8: 45600 | F8: Actualización 2025-I Fase I
B9: 3018 | C9: RELLENO EN TIERRA NEGRA PARA EMPRADIZACION (SUMINISTRO Y EXTENDIDO) | D9: M3 | E9: 103536 | F9: Actualización 2025-I Fase II + M.O. Ley 2101 de 2021
B10: 3021 | C10: DEMOLICION PAVIMENTO ASFALTICO (ESPESOR VARIABLE. INCLUYE CARGUE). NO INCLUYE TRANSPORTE Y DISPOSICIÓN FINAL DE SOBRANTES. | D10: M2 | E10: 8008 | F10: Actualización 2025-I Fase II + M.O. Ley 2101 de 2021
B11: 3022 | C11: DEMOLICIÓN PISOS DE CONCRETO (INCLUYE CARGUE). NO INCLUYE TRANSPORTE Y DISPOSICIÓN FINAL DE SOBRANTES. | D11: M3 | E11: 64237 | F11: Actualización 2025-I Fase II + M.O. Ley 2101 de 2021
B12: 3024 | C12: RELLENO PARA REDES EN ARENA DE PEÑA (SUMINISTRO, EXTENDIDO, HUMEDECIMIENTO Y COMPACTACIÓN) | D12: M3 | E12: 156920 | F12: Actualización 2025-I Fase II + M.O. Ley 2101 de 2021
B13: 3027 | C13: SARDINEL TIPO A10 (SUMINISTRO E INSTALACIÓN. INCLUYE 3CM MORTERO 1:5) | D13: ML | E13: 81403 | F13: Actualización 2025-I Fase II + M.O. Ley 2101 de 2021
... B3175: 10639 | C3175: ARQUEOLOGÍA PÚBLICA (SOCIALIZACIÓN DE LA IMPLEMENTACIÓN DEL PLAN DE MANEJO ARQUEOLÓGICO INCLUYE PIEZAS DE COMUNICACIÓN). | D3175: GLB/MES | E3175: 12093 | F3175: Actualización 2025-I Fase II + M.O. Ley 2101 de 2021

Sheet Fuente CICLO
